 Dungeon Crawl Stone Soup version 0.26.0-18-gc5c842f807 (webtiles) character file.

Game seed: 5883244061051536881

2106645 bza the Pulveriser (level 27, 137/176 (198) HPs)
             Began as a Gnoll Wanderer on Jan 19, 2021.
             Was the Champion of Ru.
             Escaped with the Orb
             ... and 4 runes on Jan 23, 2021!
             The game lasted 05:54:32 (83577 turns).

bza the Pulveriser (Gnoll Wanderer)                Turns: 83577, Time: 05:54:33

HP:   137/176 (198) AC: 42    Str: 28    XL:     27
MP:   38/42         EV: 14    Int: 22    God:    Ru [******]
Gold: 6478          SH: 17    Dex: 23    Spells: 24/65 levels left

rFire    + + +     SeeInvis .   Z - +9 eveningstar (vamp)
rCold    + + .     Faith    .   M - +2 buckler of Gocibrub {+Inv Will+ Dex+4}
rNeg     . . .     Spirit   .   c - +3 gold dragon scales
rPois    +         Reflect  +   o - +2 helmet
rElec    +         Harm     .   Q - +2 cloak {rCorr}
rCorr    +         Rampage  .   I - +2 pair of gloves {archery}
Will     +++++                  k - +2 pair of boots
Stlth    +.........             n - amulet of reflection
HPRegen  0.39/turn              C - ring "Yrat Xyck" {rF++ rC+ Str+3 Stlth+}
MPRegen  0.28/turn              X - ring of Qayrul {*Drain Will+ Int+6 Dex+3 Slay+3}

@: brilliant, resistant, attractive, studying 2 skills, heavily drained
A: distributed training, fangs 1, frail 1, low mp 1, strong-willed 1, evolution
1, no potion heal 1, reduced EV 1, missing an eye, temperature sensitive, strong
nose
0: Orb of Zot
}: 4/15 runes: decaying, slimy, silver, gossamer
a: Renounce Religion, Evoke Invisibility, Draw Out Power, Power Leap, Apocalypse


You escaped.
You worshipped Ru.
Ru was exalted by your worship.
You visited 11 branches of the dungeon, and saw 55 of its levels.
You visited the Abyss 1 time.
You visited 1 bazaar.
You also visited: Desolation.

You collected 9186 gold pieces.
You spent 2708 gold pieces at shops.


Innate Abilities, Weirdness & Mutations

Your experience applies equally to all skills.
You have very sharp teeth.
You are frail. (-10% HP)
You have somewhat slow reflexes. (EV -5)
You are missing an eye, making it more difficult to aim.
You are sensitive to extremes of temperature. (rF-, rC-)
Your uncanny sense of smell can sniff out nearby items.
Your magical capacity is low. (-10% MP)
You are strong-willed. (Will+)
You evolve.
Potions are less effective at restoring your health.


   Skills:
 + Level 19.0 Fighting
 + Level 18.2 Short Blades
 + Level 18.2 Long Blades
 + Level 18.2 Axes
 + Level 18.2 Maces & Flails
 + Level 18.2 Polearms
 + Level 23.0 Staves
 + Level 18.2 Slings
 + Level 18.2 Bows
 + Level 19.8 Crossbows
 + Level 18.2 Throwing
 + Level 20.7 Armour
 + Level 18.2 Dodging
 + Level 18.2 Stealth
 + Level 18.6 Shields
 + Level 18.2 Unarmed Combat
 + Level 19.7 Spellcasting
 + Level 15.7 Conjurations
 + Level 15.7 Hexes
 + Level 15.7 Summonings
 + Level 15.7 Necromancy
 + Level 15.7 Translocations
 + Level 15.8 Transmutations
 + Level 15.7 Fire Magic
 + Level 15.7 Ice Magic
 + Level 15.7 Air Magic
 + Level 15.7 Earth Magic
 + Level 15.7 Poison Magic
 + Level 19.6 Invocations
 + Level 18.2 Evocations


You had 24 spell levels left.
You knew the following spells:

 Your Spells              Type           Power        Failure   Level
a - Passwall              Tmut/Erth      79%          1%          2
b - Borgnjor's Vile Clut  Necr/Erth      47%          1%          5
c - Cause Fear            Hex            47%          1%          4
d - Death Channel         Necr           47%          5%          6
i - Swiftness             Air            94%          1%          2
l - Summon Lightning Spi  Summ/Air       94%          1%          4
n - Apportation           Tloc           100%         1%          1
o - Olgreb's Toxic Radia  Pois           94%          1%          4
s - Statue Form           Tmut/Erth      63%          5%          6
v - Summon Mana Viper     Hex/Summ       94%          1%          5
B - Blink                 Tloc           N/A          1%          2

Your spell library contained the following spells:

 Spells                   Type           Power        Failure   Level
 Animate Skeleton         Necr           100%         1%          1
 Beastly Appendage        Tmut           100%         1%          1
 Corona                   Hex            100%         1%          1
 Foxfire                  Conj/Fire      100%         1%          1
 Magic Dart               Conj           100%         1%          1
 Pain                     Necr           100%         1%          1
 Sandblast                Erth           100%         1%          1
 Sting                    Tmut/Pois      100%         1%          1
 Ensorcelled Hibernation  Hex/Ice        100%         1%          2
 Poisonous Vapours        Pois/Air       100%         1%          2
 Searing Ray              Conj           100%         1%          2
 Sublimation of Blood     Necr           47%          1%          2
 Wereblood                Tmut           95%          1%          2
 Confusing Touch          Hex            94%          1%          3
 Conjure Flame            Conj/Fire      94%          1%          3
 Dazzling Flash           Conj/Hex       100%         1%          3
 Gell's Gravitas          Tloc           47%          1%          3
 Ignite Poison            Fire/Tmut/Pois 95%          1%          3
 Inner Flame              Hex/Fire       94%          1%          3
 Lesser Beckoning         Tloc           47%          1%          3
 Mephitic Cloud           Conj/Pois/Air  94%          1%          3
 Portal Projectile        Hex/Tloc       100%         1%          3
 Spider Form              Tmut/Pois      47%          1%          3
 Static Discharge         Conj/Air       94%          1%          3
 Stone Arrow              Conj/Erth      100%         1%          3
 Summon Guardian Golem    Hex/Summ       94%          1%          3
 Teleport Other           Tloc           94%          1%          3
 Tukima's Dance           Hex            94%          1%          3
 Vampiric Draining        Necr           47%          1%          3
 Animate Dead             Necr           47%          1%          4
 Dispel Undead            Necr           94%          1%          4
 Fulminant Prism          Conj/Hex       47%          1%          4
 Ice Form                 Ice/Tmut       95%          1%          4
 Iskenderun's Mystic Bla  Conj/Tloc      94%          1%          4
 Leda's Liquefaction      Hex/Erth       47%          1%          4
 Passage of Golubria      Tloc           N/A          1%          4
 Petrify                  Tmut/Erth      95%          1%          4
 Sticky Flame             Conj/Fire      94%          1%          4
 Agony                    Necr           94%          1%          5
 Alistair's Intoxication  Tmut/Pois      63%          1%          5
 Blade Hands              Tmut           47%          1%          5
 Bolt of Magma            Conj/Fire/Erth 47%          1%          5
 Fireball                 Conj/Fire      47%          1%          5
 Iskenderun's Battlesphe  Conj           94%          1%          5
 Lee's Rapid Deconstruct  Erth           47%          1%          5
 Lightning Bolt           Conj/Air       47%          1%          5
 Metabolic Englaciation   Hex/Ice        47%          1%          5
 Silence                  Hex/Air        47%          1%          5
 Summon Demon             Summ           47%          1%          5
 Summon Forest            Summ/Tloc      47%          1%          5
 Yara's Violent Unravell  Hex/Tmut       47%          1%          5
 Conjure Ball Lightning   Conj/Air       47%          5%          6
 Dispersal                Tloc           47%          5%          6
 Freezing Cloud           Conj/Ice/Air   47%          5%          6
 Invisibility             Hex            94%          5%          6
 Iron Shot                Conj/Erth      47%          5%          6
 Shadow Creatures         Summ           N/A          5%          6
 Simulacrum               Ice/Necr       47%          5%          6
 Orb of Destruction       Conj           47%          30%         7
 Spellforged Servitor     Conj/Summ      47%          30%         7
 Summon Hydra             Summ           47%          30%         7
 Chain Lightning          Conj/Air       47%          94%         8
 Discord                  Hex            47%          94%         8
 Disjunction              Tloc           47%          94%         8
 Ignition                 Fire           47%          94%         8
 Lehudib's Crystal Spear  Conj/Erth      47%          94%         8
 Absolute Zero            Ice            47%          100%        9
 Fire Storm               Conj/Fire      47%          100%        9
 Shatter                  Erth           47%          100%        9
 Tornado                  Air            47%          100%        9

Inventory:

Hand Weapons
 Y - the +10 morningstar "Eos" {elec, Halo rElec}
   (You found it on level 10 of the Dungeon)

   Occasionally, upon striking a foe, it can discharge electrical energy and
   cause terrible harm.
   It insulates you from electricity.
 Z - a +9 vampiric eveningstar (weapon)
Missiles
 i - 4 silver boomerangs (quivered)
 V - 2 throwing nets {=f}
Armour
 c - +3 gold dragon scales (worn)
 k - a +2 pair of boots (worn)
 o - a +2 helmet (worn)
 I - a +2 pair of gloves of archery (worn)
 M - the +2 buckler of Gocibrub (worn) {+Inv Will+ Dex+4}
   (You bought it in a shop in a bazaar)

   It affects your dexterity (+4).
   It affects your willpower, your defense against some magical effects.
   It lets you turn invisible.
 Q - a +2 cloak of preservation (worn)
Jewellery
 g - an uncursed amulet of regeneration
 n - an amulet of reflection (around neck)
 t - the ring of Atsurim {Ice rN++}
   (You took it off a deep elf blademaster on level 3 of the Elven Halls)

   [ring of ice]

   It enhances your ice magic.
   It makes you vulnerable to fire.
   It protects you from cold.
   It greatly protects you from negative energy.
 C - the ring "Yrat Xyck" (left hand) {rF++ rC+ Str+3 Stlth+}
   (You took it off a servant of whispers in the Desolation of Salt)

   [ring of protection from cold]

   It affects your strength (+3).
   It greatly protects you from fire.
   It protects you from cold.
   It makes you more stealthy.
 F - an uncursed ring of fire
 O - a +4 ring of protection
 X - the ring of Qayrul (right hand) {*Drain Will+ Int+6 Dex+3 Slay+3}
   (You took it off an ironbrand convoker in the Desolation of Salt)

   [ring of intelligence]

   It affects your intelligence (+6).
   It affects your dexterity (+3).
   It affects your accuracy and damage with ranged weapons and melee attacks
   (+3).
   It affects your willpower, your defense against some magical effects.
   It causes draining when unequipped.
Wands
 e - a wand of acid (7)
Scrolls
 a - 29 scrolls of remove curse {@r2}
 b - 14 scrolls of amnesia
 d - 19 scrolls of teleportation {@r4}
 l - 2 scrolls of blinking
 r - 5 scrolls of identify {@r1}
 v - 5 scrolls of summoning
 z - 3 scrolls of fog
 A - 2 scrolls of holy word
 B - 2 scrolls of brand weapon
 E - a scroll of magic mapping
 L - 3 scrolls of silence {!r}
Potions
 h - 9 potions of lignification
 p - 6 potions of flight
 q - 14 potions of curing {@q1}
 s - 10 potions of brilliance
 y - 6 potions of ambrosia
 J - 2 potions of heal wounds {@q2}
 K - a potion of berserk rage {!q}
 N - 7 potions of attraction
 P - a potion of cancellation
 T - a potion of magic
Books
 H - a manual of Armour {!d}
 W - a manual of Crossbows {!d}
Miscellaneous
 j - a box of beasts
 x - a condenser vane
 D - a phial of floods
 G - a phantom mirror
 R - a tin of tremorstones (2/2)
 S - a lightning rod (4/4)

Dungeon Overview and Level Annotations

Branches:
Dungeon (15/15)            Temple (1/1) D:5            Lair (6/6) D:8
  Swamp (4/4) Lair:3       Spider (4/4) Lair:4        Slime (5/5) Lair:6
    Orc (2/2) D:12            Elf (3/3) Orc:2        Vaults (5/5) D:14
  Crypt (0/3) Vaults:2     Depths (5/5) D:15            Zot (5/5) Depths:5
Desolation (visited)

Altars:
Ashenzari
Cheibriados
Dithmenos
Elyvilon
Fedhas
Gozag
Hepliaklqana
Kikubaaqudgha
Makhleb
Okawaru
Qazlal
Ru
Sif Muna
Trog
Uskayaw
Vehumet
Wu Jian
Xom
Yredelemnul
The Shining One
Beogh
Jiyva

Shops:
D:8 (   D:10 *   D:13 }}(   Orc:1 (   Orc:2 :*[(

Portals:
Hell: Depths:1 Depths:2 Depths:3 Depths:4 Depths:5
Abyss: Depths:4
Pandemonium: Depths:2 Depths:3 Depths:4
Ziggurat: Depths:3

Annotations:
Lair:4 exclusion: 2 oklob plants
Lair:6 1 runed translucent door
Elf:2 4 runed translucent doors
Vaults:2 1 runed translucent door, jackrogers's ghost, adept GrWn
Depths:3 3 runed translucent doors, Strat's ghost, veteran GrEE; littlecub's ghost, adept DsFi; ragingrage's ghost, veteran GrDe
Depths:4 3 runed translucent doors
Depths:5 exclusion: orange crystal statue

##### ######.@3######
###.............###
###.................###
#.'..........[......+.#
#.#.................#.#
##.###.............###.#
#..# ###.........### #.#
#.## ###.....### #.#
##.# ###.........### #.#


You could see a soul eater.


Message History

You bludgeon the soul eater!! You bite the soul eater.
The soul eater is severely wounded.
The soul eater is stunned by your conviction and fails to attack.
You closely miss the soul eater.
The soul eater is severely wounded.
You catch the helpless soul eater completely off-guard!
You puncture the soul eater!
The soul eater is almost dead.
You see here a +1 demon whip of draining.
The soul eater begins to attack, but is stunned by your conviction!
You feel less exhausted.
Your extra speed is starting to run out.
You feel yourself slow down.
There is an open door here.
You close the door.
There is a staircase leading out of the dungeon here.
Really quaff the potion of mutation?
You feel extremely strange.
You feel stronger.
Your body's shape seems more normal.
You feel more energetic.
Your urge to shout disappears.
You feel strong-willed.
You feel nature experimenting on you.
Don't worry, failures die fast.
You feel protected.
You feel clever all of a sudden.
Really quaff the potion of attraction?
You feel attractive to monsters. The soul eater is pulled toward you!
Really quaff
K - a potion of berserk rage {!q}?
Okay, then.
The soul eater is pulled toward you!
You have escaped!

Skill      XL: |  1  2  3  4  5  6  7  8  9 10 11 12 13 14 15 16 17 18 19 20 21 22 23 24 25 26 27 |
---------------+----------------------------------------------------------------------------------+-----
Spellcasting   | 10 11 12 13 14 15 16 17 18 19 | 19.7
Transmutations | 2 3 4 5 6 7 8 9 10 11 12 13 14 15 | 15.8
Invocations    | 1 2 3 4 5 6 7 8 9 10 11 12 13 14 15 16 17 18 19 | 19.6
Short Blades   | 1 2 3 4 5 6 7 8 9 10 11 12 13 14 15 16 17 18 | 18.2
Long Blades    | 1 2 3 4 5 6 7 8 9 10 11 12 13 14 15 16 17 18 | 18.2
Axes           | 1 2 3 4 5 6 7 8 9 10 11 12 13 14 15 16 17 18 | 18.2
Maces & Flails | 1 2 3 4 5 6 7 8 9 10 11 12 13 14 15 16 17 18 | 18.2
Polearms       | 1 2 3 4 5 6 7 8 9 10 11 12 13 14 15 16 17 18 | 18.2
Staves         | 1 2 3 5 7 8 10 11 12 13 14 15 16 17 18 19 20 21 22 23 | 23.0
Slings         | 1 2 3 4 5 6 7 8 9 10 11 12 13 14 15 16 17 18 | 18.2
Bows           | 1 2 3 4 5 6 7 8 9 10 11 12 13 14 15 16 17 18 | 18.2
Crossbows      | 1 2 3 4 5 6 7 8 9 10 11 12 13 14 15 16 18 19 | 19.8
Throwing       | 1 2 3 4 5 6 7 8 9 10 11 12 13 14 15 16 17 18 | 18.2
Armour         | 1 2 3 4 5 6 7 8 9 10 11 12 13 14 15 16 18 19 20 | 20.7
Dodging        | 1 2 3 4 5 6 7 8 9 10 11 12 13 14 15 16 17 18 | 18.2
Stealth        | 1 2 3 4 5 6 7 8 9 10 11 12 13 14 15 16 17 18 | 18.2
Unarmed Combat | 1 2 3 4 5 6 7 8 9 10 11 12 13 14 15 16 17 18 | 18.2
Evocations     | 1 2 3 4 5 6 7 8 9 10 11 12 13 14 15 16 17 18 | 18.2
Conjurations   | 1 2 3 4 5 6 7 8 9 10 11 12 13 14 15 | 15.7
Hexes          | 1 2 3 4 5 6 7 8 9 10 11 12 13 14 15 | 15.7
Summonings     | 1 2 3 4 5 6 7 8 9 10 11 12 13 14 15 | 15.7
Necromancy     | 1 2 3 4 5 6 7 8 9 10 11 12 13 14 15 | 15.7
Translocations | 1 2 3 4 5 6 7 8 9 10 11 12 13 14 15 | 15.7
Fire Magic     | 1 2 3 4 5 6 7 8 9 10 11 12 13 14 15 | 15.7
Ice Magic      | 1 2 3 4 5 6 7 8 9 10 11 12 13 14 15 | 15.7
Air Magic      | 1 2 3 4 5 6 7 8 9 10 11 12 13 14 15 | 15.7
Earth Magic    | 1 2 3 4 5 6 7 8 9 10 11 12 13 14 15 | 15.7
Poison Magic   | 1 2 3 4 5 6 7 8 9 10 11 12 13 14 15 | 15.7
Shields        | 5 6 7 8 9 10 11 12 13 14 15 16 17 18 | 18.6
Fighting       | 7 8 9 10 11 12 13 14 15 16 17 18 19 | 19.0

Action                   |  1- 3 |  4- 6 |  7- 9 | 10-12 | 13-15 | 16-18 | 19-21 | 22-24 | 25-27 || total
-------------------------+-------+-------+-------+-------+-------+-------+-------+-------+-------++-------
Melee: Club              |    52 |       |       |       |       |       |       |       |       ||    52
       Bite              |    16 |    39 |    51 |    67 |   102 |   165 |   195 |   226 |   373 ||  1234
       Mace              |   109 |   217 |       |       |       |       |       |       |       ||   326
       Flail             |       |    16 |   461 |       |       |       |       |       |       ||   477
       Scimitar          |       |       |    16 |   266 |       |       |       |       |       ||   282
       Morningstar       |       |       |       |   314 |   944 |  1386 |  1390 |  1342 |   327 ||  5703
       Eveningstar       |       |       |       |       |       |       |       |       |  1434 ||  1434
Throw: Dart              |       |    12 |    29 |    19 |    12 |    22 |     2 |       |       ||    96
       Throwing net      |       |       |       |       |     2 |       |       |       |       ||     2
       Javelin           |       |       |       |       |       |       |    50 |    77 |       ||   127
       Boomerang         |       |       |       |       |       |       |       |       |    19 ||    19
 Cast: Summon Lightning  |       |       |       |       |       |       |     4 |       |       ||     4
       Cause Fear        |       |       |       |       |       |       |     1 |       |       ||     1
       Summon Mana Viper |       |       |       |       |       |       |       |    56 |    63 ||   119
       Olgreb's Toxic Ra |       |       |       |       |       |       |       |     3 |    36 ||    39
       Borgnjor's Vile C |       |       |       |       |       |       |       |       |     3 ||     3
Invok: Sacrifice an Eye  |       |       |     1 |       |       |       |       |       |       ||     1
       Sacrifice Health  |       |       |       |     1 |     1 |       |       |       |       ||     2
       Sacrifice Resista |       |       |       |     1 |       |       |       |       |       ||     1
       Reject Sacrifices |       |       |       |     1 |       |       |       |       |       ||     1
       Apocalypse        |       |       |       |       |     4 |     4 |     7 |     6 |     8 ||    29
       Draw Out Power    |       |       |       |       |       |     1 |     2 |     1 |       ||     4
       Power Leap        |       |       |       |       |       |       |     3 |     2 |       ||     5
Evoke: Wand              |       |       |       |     4 |    29 |    35 |    27 |    16 |     9 ||   120
       Tin of tremorston |       |       |       |       |       |    11 |    12 |     9 |     4 ||    36
       Condenser vane    |       |       |       |       |       |     1 |     3 |     5 |     2 ||    11
       Phantom mirror    |       |       |       |       |       |       |     1 |     1 |       ||     2
       Lightning rod     |       |       |       |       |       |       |       |    14 |     9 ||    23
       Box of beasts     |       |       |       |       |       |       |       |     2 |       ||     2
       Phial of floods   |       |       |       |       |       |       |       |       |     1 ||     1
  Use: Potion            |       |     2 |     8 |     1 |     3 |     9 |     5 |     9 |    17 ||    54
       Scroll            |       |       |    19 |     9 |     9 |    10 |    15 |    19 |    31 ||   112
 Stab: Invisible         |       |       |     1 |     1 |     5 |    11 |    14 |    29 |    18 ||    79
       Distracted        |       |       |       |     4 |     9 |    11 |    13 |    14 |    27 ||    78
       Paralysed         |       |       |       |     5 |    15 |    24 |    35 |    19 |    25 ||   123
       Held in net/web   |       |       |       |       |     2 |     1 |       |       |       ||     3
       Petrified         |       |       |       |       |       |       |     1 |       |       ||     1
Armor: Chain mail        |   120 |   156 |   322 |    15 |       |       |       |       |       ||   613
       Skin              |       |       |     1 |       |       |       |       |       |       ||     1
       Plate armour      |       |       |       |   248 |   400 |   972 |   509 |   193 |       ||  2322
       Gold dragon scale |       |       |       |       |       |       |       |   411 |   626 ||  1037
Dodge: Dodged            |    36 |    44 |   148 |    98 |   176 |   277 |   242 |   253 |   413 ||  1687
Block: Kite shield       |   102 |   130 |   298 |   343 |   720 |  1277 |   547 |       |       ||  3417
       Reflection        |       |       |       |     7 |    23 |    14 |    62 |    48 |    56 ||   210
       Buckler           |       |       |       |       |       |       |   241 |   536 |   954 ||  1731
       Rpst.: Scimitar   |       |       |     2 |    16 |       |       |       |       |       ||    18

Levels and vault maps discovered:
D:1:      nzn_arrival_depleted_hourglass, layout_rooms
D:2:      layout_basic, overflow_temple_1_default,
          hangedman_abyss_or_decor_stabs, kennysheep_small_spiral
D:3:      layout_loops_ring
D:4:      layout_loops_corners, kennysheep_mini
D:5:      layout_basic, bloody_trog, grunt_gozag_statues, marbit_many_paths,
          grunt_temple_overflow_open, minmay_temple_entry_stoned_glass,
          uniq_edmund
D:6:      layout_loops_cross
D:7:      minmay_the_grid_four_pointed_star
          [minmay_the_grid_triangle_9x9_semitri,
          minmay_the_grid_triangle_9x9_pentomino_pain,
          minmay_the_grid_triangle_9x9_alien,
          minmay_the_grid_triangle_9x9_dagger, minmay_the_grid_prize_big_room],
          layout_loops_ring, enter_bailey_3, minmay_manual_mares
D:8:      layout_loops_ring, led_sif_pool, grunt_lair_entry_orc_guard_hut,
          serial_shops, shop, grunt_qazlal_sundering, uniq_erica, uniq_maggie
D:9:      layout_irregular_city
D:10:     minmay_distorted_concentric_squares, layout_basic, serial_shops, shop,
          minivault_19, kennysheep_another_room
D:11:     layout_irregular_city, chequers_serial_rivers_small_a
D:12:     layout_loops_ring, hiddenorc2_lemuel
D:13:     wad_statue_garden, layout_loops_cross, serial_shops,
          nicolae_shop_trees, shop_fountains,
          nicolae_shop_competitors_out_of_business, st_stairs_5, uniq_nessos
D:14:     layout_cave_pools, david_vaults_3, grunt_dithmenos_shadows,
          hangedman_decor_points, hangedman_decor_peaks_small,
          serial_bayou_ford_a, minmay_fire_ice_demons
D:15:     grunt_enter_depths_giant_problem, layout_stronghold,
          serial_park_avenue1, minmay_misc_feat_x, nicolae_underground_beach
Temple:   eino_narrow_crystal_temple
Lair:1:   layout_hall_layers, patterned_corridor, infiniplex_staircase_pool,
          uniq_gastronok, uniq_nergalle, uniq_harold
Lair:2:   beast_lair_carwin_large_3, layout_gridlike, serial_bayou_shore_a
Lair:3:   layout_cave_pods, minmay_swamp_entry_reptiles, beast_lair_carwin_8
Lair:4:   layout_small_grid, nicolae_spider_entry_tight_spaces,
          nicolae_quartered_pool_medium, st_stairs_5, beast_lair_carwin_10,
          minmay_lair_oklob_chamber, infiniplex_staircase_pool_2
Lair:5:   layout_gridlike
Lair:6:   wormcave, layout_gridlike, guppyfry_lair_end_dragon, slime_altar_1
Swamp:1:  layout_basic_swamp, hangedman_swamp_cone, uniq_aizul, uniq_josephine
Swamp:2:  layout_basic_swamp, wheals_swamp_sinkhole, swamp_pool1, ldierk_geyser
Swamp:3:  layout_basic_swamp, hangedman_swamp_diagram, swamp_pool1,
          nicolae_swamp_trees_clearing
Swamp:4:  swamp_vile, layout_basic_swamp, swamp_pool1
Spider:1: layout_chambers, drop_trap, worms_lemuel, uniq_nikola
Spider:2: layout_chambers, nicolae_spider_cling_halls
Spider:3: nicolae_orb_stairs_large
Spider:4: guppyfry_spider_rune
Slime:1:  layout_caves, amcnicky_altar_lugonu_corruption
Slime:2:  layout_caves
Slime:3:  layout_caves
Slime:4:  cheibrodos_slime_lost_civilization_3, layout_caves
Slime:5
Orc:1:    layout_caves, serial_shops, nicolae_shop_overgrown_old_shop,
          nicolae_orc_rockfall
Orc:2:    st_orc_congregation, layout_caves, mines1_david
Elf:1:    layout_loops_ring, evilmike_minifort
Elf:2:    layout_loops_cross, portal_desolation_entry_ruin, hex_medium
Elf:3:    grunt_elf_hall_spiral, layout_loops_corners, serial_shops,
          bzr_entry_gold, minmay_elf_necromancy
Vaults:1: v_misc_33, vaults_room_fancy_cross, nicolae_vaults_little_squares_3,
          v_alt_pattern_1, v_alt_pattern_3, vaults_dpeg_diagonal, v_pattern_4,
          nicolae_vaults_little_squares_3, layout_vaults_omnicross
Vaults:2: ebering_vaults_ghost_xom, nicolae_vaults_network_quinsquares
          [nicolae_vaults_network_quincunx_subvault,
          nicolae_vaults_network_quincunx_subvault,
          nicolae_vaults_network_quincunx_subvault,
          nicolae_vaults_network_quincunx_subvault], hangedman_vaults_snaps,
          nicolae_vaults_diagonal_hallway_8, v_misc_33,
          minmay_crypt_entry_necro_gods, dpeg_vaults_monster_box,
          layout_vaults_omnigrid, uniq_margery, uniq_boris, uniq_asterion
Vaults:3: nicolae_vaults_alarming, serial_ice_g, hangedman_vaults_pinch,
          ontoclasm_vaults_eye, hangedman_vaults_nails, hangedman_vaults_stream,
          nicolae_vaults_diagonal_hallway_8, hangedman_vaults_capsules,
          layout_vaults_chaotic_city, uniq_mara
Vaults:4: nicolae_vaults_twisting_passages, hangedman_vaults_hat,
          nicolae_vaults_little_squares_2, hangedman_vaults_impose, v_rooms_1,
          v_misc_9, nicolae_vaults_ring_of_whatevers, v_misc_28, v_pattern_2,
          layout_vaults_maze_snakey
Vaults:5
Depths:1: layout_basic, minmay_misc_feat_ornament, grunt_metal_band,
          nrook_mini_backslash, hangedman_cracks_in_the_wall
Depths:2: cell_vault, layout_gridlike, pan_entry, pf_hell_entry_tar_river,
          nrook_campfire, chequers_serial_rivers_micro_d, uniq_enchantress
Depths:3: minmay_nine_rooms, layout_twisted_cross, enter_ziggurat_d, pan_entry,
          minmay_staircase_bubble, hell_entry, gammafunk_ghost_cemetery
Depths:4: little_maze_vault, layout_cave_pools,
          ploomutoo_gammafunk_ghost_potion_laboratory, hell_entry,
          abyss_entry_glasseish, rand_demon_pan_entry_4, nrook_pool_corridor,
          drop_trap, minmay_staircase_statues_hall_small
Depths:5: evilmike_zot_entry_round, layout_basic, hell_entry, serial_bayou,
          serial_bayou_lagoon_a, serial_bayou_lagoon_b, serial_bayou_pond_e,
          serial_bayou_pond_d, minmay_misc_feat_rows, minivault_16,
          minmay_hollow_rounded_squares
Zot:1:    layout_misc_corridors, uniq_tiamat
Zot:2:    layout_twisted_circle, grunt_ministairs_2, lemuel_elevator
Zot:3:    layout_gridville
Zot:4:    layout_gridlike, st_large_dragon_hoard_2
Zot:5:    layout_gridville, hangedman_zot_decor_scrapings, bh_zot_levy_curve

Notes
Turn   | Place    | Note
-------+----------+-------------------------------------------
     0 | D:1      | Reached skill level 9 in Spellcasting
     0 | D:1      | bza the Gnoll Wanderer began the quest for the Orb.
     0 | D:1      | bza set off with the following items: a +0 club, a +0
                  | shortbow, 25 arrows, a scroll of teleportation, a +0 robe,
                  | a +0 kite shield
     0 | D:1      | Reached XP level 1. HP: 23/23 MP: 10/10
    57 | D:1      | Reached skill level 2 in Transmutations
    88 | D:1      | Reached XP level 2. HP: 26/29 MP: 12/12
   260 | D:1      | You fall into a shaft and drop 1 floor!
   428 | D:1      | Reached XP level 3. HP: 35/35 MP: 13/13
   662 | D:1      | Reached skill level 1 in Invocations
  1019 | D:2      | Reached skill level 1 in Short Blades
  1019 | D:2      | Reached skill level 1 in Long Blades
  1019 | D:2      | Reached skill level 1 in Axes
  1019 | D:2      | Reached skill level 1 in Maces & Flails
  1019 | D:2      | Reached skill level 1 in Polearms
  1019 | D:2      | Reached skill level 1 in Staves
  1019 | D:2      | Reached skill level 1 in Slings
  1019 | D:2      | Reached skill level 1 in Bows
  1019 | D:2      | Reached skill level 1 in Crossbows
  1019 | D:2      | Reached skill level 1 in Throwing
  1019 | D:2      | Reached skill level 1 in Armour
  1019 | D:2      | Reached skill level 1 in Dodging
  1019 | D:2      | Reached skill level 1 in Stealth
  1019 | D:2      | Reached skill level 1 in Unarmed Combat
  1019 | D:2      | Reached skill level 1 in Evocations
  1057 | D:2      | Reached XP level 4. HP: 40/41 MP: 15/15
  1133 | D:2      | Found an ornate altar of the Wu Jian Council.
  1602 | D:3      | Reached skill level 1 in Conjurations
  1602 | D:3      | Reached skill level 1 in Hexes
  1602 | D:3      | Reached skill level 1 in Summonings
  1602 | D:3      | Reached skill level 1 in Necromancy
  1602 | D:3      | Reached skill level 1 in Translocations
  1602 | D:3      | Reached skill level 1 in Fire Magic
  1602 | D:3      | Reached skill level 1 in Ice Magic
  1602 | D:3      | Reached skill level 1 in Air Magic
  1602 | D:3      | Reached skill level 1 in Earth Magic
  1602 | D:3      | Reached skill level 1 in Poison Magic
  1904 | D:3      | Reached XP level 5. HP: 47/47 MP: 16/16
  2639 | D:4      | Found a white marble altar of Elyvilon.
  3312 | D:4      | Reached skill level 2 in Invocations
  3312 | D:4      | Reached XP level 6. HP: 43/53 MP: 18/18
  3757 | D:5      | Entered Level 5 of the Dungeon
  3758 | D:5      | Found a staircase to the Ecumenical Temple.
  3815 | D:5      | Reached skill level 5 in Shields
  3831 | D:5      | Reached skill level 2 in Short Blades
  3831 | D:5      | Reached skill level 2 in Long Blades
  3831 | D:5      | Reached skill level 2 in Axes
  3831 | D:5      | Reached skill level 2 in Maces & Flails
  3831 | D:5      | Reached skill level 2 in Polearms
  3831 | D:5      | Reached skill level 2 in Staves
  3831 | D:5      | Reached skill level 2 in Slings
  3831 | D:5      | Reached skill level 2 in Bows
  3831 | D:5      | Reached skill level 2 in Crossbows
  3831 | D:5      | Reached skill level 2 in Throwing
  3831 | D:5      | Reached skill level 2 in Armour
  3831 | D:5      | Reached skill level 2 in Dodging
  3831 | D:5      | Reached skill level 2 in Stealth
  3831 | D:5      | Reached skill level 2 in Unarmed Combat
  3831 | D:5      | Reached skill level 2 in Evocations
  3876 | Temple   | Entered the Ecumenical Temple
  3943 | Temple   | Became a worshipper of Ru the Awakened
  4006 | D:5      | Found an opulent altar of Gozag.
  4055 | D:5      | Noticed an ice beast
  4074 | D:5      | Killed an ice beast
  4075 | D:5      | Reached XP level 7. HP: 56/59 MP: 20/20
  4156 | D:5      | Reached skill level 7 in Fighting
  4309 | D:5      | Found a bloodstained altar of Trog.
  4316 | D:5      | Reached skill level 2 in Conjurations
  4316 | D:5      | Reached skill level 2 in Hexes
  4316 | D:5      | Reached skill level 2 in Summonings
  4316 | D:5      | Reached skill level 2 in Necromancy
  4316 | D:5      | Reached skill level 2 in Translocations
  4316 | D:5      | Reached skill level 3 in Transmutations
  4316 | D:5      | Reached skill level 2 in Fire Magic
  4316 | D:5      | Reached skill level 2 in Ice Magic
  4316 | D:5      | Reached skill level 2 in Air Magic
  4316 | D:5      | Reached skill level 2 in Earth Magic
  4316 | D:5      | Reached skill level 2 in Poison Magic
  4579 | D:5      | Reached skill level 3 in Invocations
  4624 | D:5      | Noticed Edmund
  4727 | D:5      | Killed Edmund
  4728 | D:5      | Reached XP level 8. HP: 52/67 MP: 21/21
  4742 | D:5      | Reached skill level 3 in Short Blades
  4742 | D:5      | Reached skill level 3 in Long Blades
  4742 | D:5      | Reached skill level 3 in Axes
  4742 | D:5      | Reached skill level 3 in Maces & Flails
  4742 | D:5      | Reached skill level 3 in Polearms
  4742 | D:5      | Reached skill level 3 in Staves
  4742 | D:5      | Reached skill level 3 in Slings
  4742 | D:5      | Reached skill level 3 in Bows
  4742 | D:5      | Reached skill level 3 in Crossbows
  4742 | D:5      | Reached skill level 3 in Throwing
  4742 | D:5      | Reached skill level 3 in Armour
  4742 | D:5      | Reached skill level 3 in Dodging
  4742 | D:5      | Reached skill level 3 in Stealth
  4742 | D:5      | Reached skill level 3 in Unarmed Combat
  4742 | D:5      | Reached skill level 3 in Evocations
  5104 | D:5      | Found a snail-covered altar of Cheibriados.
  5106 | D:5      | Found an ancient bone altar of Kikubaaqudgha.
  5303 | D:5      | Found a hazy altar of Hepliaklqana.
  5533 | D:6      | Gained mutation: You are missing an eye, making it more
                  | difficult to aim. [Ru sacrifice]
  5533 | D:6      | Reached * piety under Ru
  6170 | D:7      | Reached skill level 10 in Spellcasting
  6170 | D:7      | Reached skill level 4 in Invocations
  6220 | D:7      | Reached skill level 3 in Conjurations
  6220 | D:7      | Reached skill level 3 in Hexes
  6220 | D:7      | Reached skill level 3 in Summonings
  6220 | D:7      | Reached skill level 3 in Necromancy
  6220 | D:7      | Reached skill level 3 in Translocations
  6220 | D:7      | Reached skill level 3 in Fire Magic
  6220 | D:7      | Reached skill level 3 in Ice Magic
  6220 | D:7      | Reached skill level 3 in Air Magic
  6220 | D:7      | Reached skill level 3 in Earth Magic
  6220 | D:7      | Reached skill level 3 in Poison Magic
  6252 | D:7      | Reached skill level 6 in Shields
  6311 | D:7      | Noticed a white ugly thing
  6524 | D:7      | Reached XP level 9. HP: 72/72 MP: 23/23
  6610 | D:7      | Got an opalescent robe
  6767 | D:7      | Reached skill level 4 in Short Blades
  6767 | D:7      | Reached skill level 4 in Long Blades
  6767 | D:7      | Reached skill level 4 in Axes
  6767 | D:7      | Reached skill level 4 in Maces & Flails
  6767 | D:7      | Reached skill level 4 in Polearms
  6767 | D:7      | Reached skill level 4 in Staves
  6767 | D:7      | Reached skill level 4 in Slings
  6767 | D:7      | Reached skill level 4 in Bows
  6767 | D:7      | Reached skill level 4 in Crossbows
  6767 | D:7      | Reached skill level 4 in Throwing
  6767 | D:7      | Reached skill level 4 in Armour
  6767 | D:7      | Reached skill level 4 in Dodging
  6767 | D:7      | Reached skill level 4 in Stealth
  6767 | D:7      | Reached skill level 4 in Unarmed Combat
  6767 | D:7      | Reached skill level 4 in Transmutations
  6767 | D:7      | Reached skill level 4 in Evocations
  6886 | D:8      | Noticed a seven-headed hydra
  7466 | D:6      | Identified the +0 robe of the Volcano {Harm rPois rF+} (You
                  | found it on level 7 of the Dungeon)
  7641 | D:8      | Noticed Erica
  7676 | D:8      | Killed Erica
  7677 | D:8      | Reached skill level 8 in Fighting
  7677 | D:8      | Reached skill level 5 in Staves
  7677 | D:8      | Reached skill level 5 in Invocations
  8085 | D:8      | Found Ibisaess's Weapon Emporium.
  8102 | D:8      | Reached skill level 4 in Conjurations
  8102 | D:8      | Reached skill level 4 in Hexes
  8102 | D:8      | Reached skill level 4 in Summonings
  8102 | D:8      | Reached skill level 4 in Necromancy
  8102 | D:8      | Reached skill level 4 in Translocations
  8102 | D:8      | Reached skill level 4 in Fire Magic
  8102 | D:8      | Reached skill level 4 in Ice Magic
  8102 | D:8      | Reached skill level 4 in Air Magic
  8102 | D:8      | Reached skill level 4 in Earth Magic
  8102 | D:8      | Reached skill level 4 in Poison Magic
  8102 | D:8      | Reached XP level 10. HP: 78/80 MP: 24/24
  8206 | D:8      | Found a staircase to the Lair.
  8249 | D:8      | Reached skill level 5 in Short Blades
  8249 | D:8      | Reached skill level 5 in Long Blades
  8249 | D:8      | Reached skill level 5 in Axes
  8249 | D:8      | Reached skill level 5 in Maces & Flails
  8249 | D:8      | Reached skill level 5 in Polearms
  8249 | D:8      | Reached skill level 5 in Slings
  8249 | D:8      | Reached skill level 5 in Bows
  8249 | D:8      | Reached skill level 5 in Crossbows
  8249 | D:8      | Reached skill level 5 in Throwing
  8249 | D:8      | Reached skill level 5 in Armour
  8249 | D:8      | Reached skill level 5 in Dodging
  8249 | D:8      | Reached skill level 5 in Stealth
  8249 | D:8      | Reached skill level 5 in Unarmed Combat
  8249 | D:8      | Reached skill level 5 in Evocations
  8302 | D:8      | Found a shimmering blue altar of Sif Muna.
  8333 | D:8      | Killed a five-headed hydra
  8522 | D:8      | Reached skill level 6 in Staves
  8522 | D:8      | Reached skill level 7 in Shields
  8759 | D:8      | Found a stormy altar of Qazlal.
  8764 | D:8      | Noticed Maggie
  9182 | Lair:1   | Entered Level 1 of the Lair of Beasts
  9212 | Lair:1   | Gained mutation: You are frail. (-10% HP) [Ru sacrifice]
  9212 | Lair:1   | Reached ** piety under Ru
  9212 | Lair:1   | Reached *** piety under Ru
  9216 | Lair:1   | Noticed Harold
  9238 | Lair:1   | Killed Harold
  9239 | Lair:1   | Reached skill level 5 in Transmutations
  9239 | Lair:1   | Reached skill level 6 in Invocations
  9264 | Lair:1   | Noticed Gastronok
  9965 | D:10     | Entered Level 10 of the Dungeon
 10033 | D:10     | Found the +10 morningstar "Eos" {elec, Halo rElec}
 10125 | D:10     | Noticed a two-headed ogre
 10144 | D:10     | Killed a two-headed ogre
 10145 | D:10     | Reached skill level 7 in Staves
 10145 | D:10     | Reached XP level 11. HP: 74/78 MP: 25/25
 10375 | D:10     | Reached skill level 9 in Fighting
 10383 | D:10     | Reached skill level 6 in Short Blades
 10383 | D:10     | Reached skill level 6 in Long Blades
 10383 | D:10     | Reached skill level 6 in Axes
 10383 | D:10     | Reached skill level 6 in Maces & Flails
 10383 | D:10     | Reached skill level 6 in Polearms
 10383 | D:10     | Reached skill level 6 in Slings
 10383 | D:10     | Reached skill level 6 in Bows
 10383 | D:10     | Reached skill level 6 in Crossbows
 10383 | D:10     | Reached skill level 6 in Throwing
 10383 | D:10     | Reached skill level 6 in Armour
 10383 | D:10     | Reached skill level 6 in Dodging
 10383 | D:10     | Reached skill level 6 in Stealth
 10383 | D:10     | Reached skill level 6 in Unarmed Combat
 10383 | D:10     | Reached skill level 5 in Conjurations
 10383 | D:10     | Reached skill level 5 in Hexes
 10383 | D:10     | Reached skill level 5 in Summonings
 10383 | D:10     | Reached skill level 5 in Necromancy
 10383 | D:10     | Reached skill level 5 in Translocations
 10383 | D:10     | Reached skill level 5 in Fire Magic
 10383 | D:10     | Reached skill level 5 in Ice Magic
 10383 | D:10     | Reached skill level 5 in Air Magic
 10383 | D:10     | Reached skill level 5 in Earth Magic
 10383 | D:10     | Reached skill level 5 in Poison Magic
 10383 | D:10     | Reached skill level 6 in Evocations
 10391 | D:10     | Reached skill level 11 in Spellcasting
 10624 | D:10     | Noticed a deep elf mage
 10627 | D:10     | Killed a deep elf mage
 10784 | D:10     | Gained mutation: You are sensitive to extremes of
                  | temperature. (rF-, rC-) [Ru sacrifice]
 10784 | D:10     | Reached **** piety under Ru
 10784 | D:10     | Reached ***** piety under Ru
 10865 | D:10     | Noticed a two-headed ogre
 10874 | D:10     | Killed a two-headed ogre
 10924 | D:10     | Found Yri Nef's Assorted Antiques.
 10932 | D:10     | Bought a scroll labelled HISHUEFROMP for 22 gold pieces
 10932 | D:10     | Bought a scroll of blinking for 165 gold pieces
 10935 | D:10     | Noticed a two-headed ogre
 10944 | D:10     | Killed a two-headed ogre
 10945 | D:10     | Reached skill level 8 in Staves
 10945 | D:10     | Reached skill level 7 in Invocations
 11380 | D:11     | Reached skill level 8 in Shields
 11572 | D:11     | Killed Maggie
 11742 | D:11     | Noticed a cyclops
 11747 | D:11     | Killed a cyclops
 11880 | D:11     | Noticed a four-headed hydra
 11889 | D:11     | Killed a four-headed hydra
 11890 | D:11     | Reached skill level 6 in Transmutations
 11940 | D:11     | Noticed an unseen horror
 11948 | D:11     | Killed an unseen horror
 12068 | D:11     | Reached XP level 12. HP: 86/86 MP: 27/27
 12276 | Lair:1   | Killed Gastronok
 12277 | Lair:1   | Reached skill level 7 in Short Blades
 12277 | Lair:1   | Reached skill level 7 in Long Blades
 12277 | Lair:1   | Reached skill level 7 in Axes
 12277 | Lair:1   | Reached skill level 7 in Maces & Flails
 12277 | Lair:1   | Reached skill level 7 in Polearms
 12277 | Lair:1   | Reached skill level 9 in Staves
 12277 | Lair:1   | Reached skill level 7 in Slings
 12277 | Lair:1   | Reached skill level 7 in Bows
 12277 | Lair:1   | Reached skill level 7 in Crossbows
 12277 | Lair:1   | Reached skill level 7 in Throwing
 12277 | Lair:1   | Reached skill level 7 in Armour
 12277 | Lair:1   | Reached skill level 7 in Dodging
 12277 | Lair:1   | Reached skill level 7 in Stealth
 12277 | Lair:1   | Reached skill level 7 in Unarmed Combat
 12277 | Lair:1   | Reached skill level 7 in Evocations
 12787 | Lair:1   | Noticed Nergalle
 12797 | Lair:1   | Killed Nergalle
 12798 | Lair:1   | Reached skill level 6 in Conjurations
 12798 | Lair:1   | Reached skill level 6 in Hexes
 12798 | Lair:1   | Reached skill level 6 in Summonings
 12798 | Lair:1   | Reached skill level 6 in Necromancy
 12798 | Lair:1   | Reached skill level 6 in Translocations
 12798 | Lair:1   | Reached skill level 6 in Fire Magic
 12798 | Lair:1   | Reached skill level 6 in Ice Magic
 12798 | Lair:1   | Reached skill level 6 in Air Magic
 12798 | Lair:1   | Reached skill level 6 in Earth Magic
 12798 | Lair:1   | Reached skill level 6 in Poison Magic
 13246 | Lair:2   | Reached skill level 8 in Invocations
 13605 | Lair:2   | Reached skill level 10 in Fighting
 13718 | Lair:2   | Reached skill level 9 in Shields
 13850 | Lair:2   | Reached skill level 10 in Staves
 14232 | Lair:2   | Noticed a five-headed hydra
 14239 | Lair:2   | Killed a five-headed hydra
 14240 | Lair:2   | Reached XP level 13. HP: 75/92 MP: 28/28
 14751 | Lair:2   | Reached skill level 7 in Transmutations
 14773 | Lair:2   | Reached skill level 8 in Short Blades
 14773 | Lair:2   | Reached skill level 8 in Long Blades
 14773 | Lair:2   | Reached skill level 8 in Axes
 14773 | Lair:2   | Reached skill level 8 in Maces & Flails
 14773 | Lair:2   | Reached skill level 8 in Polearms
 14773 | Lair:2   | Reached skill level 8 in Slings
 14773 | Lair:2   | Reached skill level 8 in Bows
 14773 | Lair:2   | Reached skill level 8 in Crossbows
 14773 | Lair:2   | Reached skill level 8 in Throwing
 14773 | Lair:2   | Reached skill level 8 in Armour
 14773 | Lair:2   | Reached skill level 8 in Dodging
 14773 | Lair:2   | Reached skill level 8 in Stealth
 14773 | Lair:2   | Reached skill level 8 in Unarmed Combat
 14773 | Lair:2   | Reached skill level 8 in Evocations
 14789 | Lair:2   | Reached skill level 12 in Spellcasting
 15341 | Lair:3   | Reached skill level 9 in Invocations
 15515 | Lair:3   | Found a staircase to the Swamp.
 16288 | Lair:4   | Reached skill level 7 in Conjurations
 16288 | Lair:4   | Reached skill level 7 in Hexes
 16288 | Lair:4   | Reached skill level 7 in Summonings
 16288 | Lair:4   | Reached skill level 7 in Necromancy
 16288 | Lair:4   | Reached skill level 7 in Translocations
 16288 | Lair:4   | Reached skill level 7 in Fire Magic
 16288 | Lair:4   | Reached skill level 7 in Ice Magic
 16288 | Lair:4   | Reached skill level 7 in Air Magic
 16288 | Lair:4   | Reached skill level 7 in Earth Magic
 16288 | Lair:4   | Reached skill level 7 in Poison Magic
 16426 | Lair:4   | Reached skill level 11 in Staves
 16426 | Lair:4   | Found a hole to the Spider Nest.
 17267 | Lair:4   | Reached XP level 14. HP: 99/99 MP: 30/30
 17291 | Lair:4   | Reached skill level 10 in Shields
 17663 | Lair:5   | Reached skill level 11 in Fighting
 17666 | Lair:5   | Reached skill level 9 in Short Blades
 17666 | Lair:5   | Reached skill level 9 in Long Blades
 17666 | Lair:5   | Reached skill level 9 in Axes
 17666 | Lair:5   | Reached skill level 9 in Maces & Flails
 17666 | Lair:5   | Reached skill level 9 in Polearms
 17666 | Lair:5   | Reached skill level 9 in Slings
 17666 | Lair:5   | Reached skill level 9 in Bows
 17666 | Lair:5   | Reached skill level 9 in Crossbows
 17666 | Lair:5   | Reached skill level 9 in Throwing
 17666 | Lair:5   | Reached skill level 9 in Armour
 17666 | Lair:5   | Reached skill level 9 in Dodging
 17666 | Lair:5   | Reached skill level 9 in Stealth
 17666 | Lair:5   | Reached skill level 9 in Unarmed Combat
 17666 | Lair:5   | Reached skill level 9 in Evocations
 17678 | Lair:5   | Reached skill level 8 in Transmutations
 17681 | Lair:5   | Reached skill level 10 in Invocations
 17690 | Lair:5   | You fall into a shaft and drop 1 floor!
 17690 | Lair:6   | Entered Level 6 of the Lair of Beasts
 17699 | Lair:6   | Reached skill level 12 in Staves
 18030 | Lair:6   | Found a viscous altar of Jiyva.
 18031 | Lair:6   | Found a staircase to the Slime Pits.
 18511 | Lair:6   | Reached skill level 8 in Conjurations
 18511 | Lair:6   | Reached skill level 8 in Hexes
 18511 | Lair:6   | Reached skill level 8 in Summonings
 18511 | Lair:6   | Reached skill level 8 in Necromancy
 18511 | Lair:6   | Reached skill level 8 in Translocations
 18511 | Lair:6   | Reached skill level 8 in Fire Magic
 18511 | Lair:6   | Reached skill level 8 in Ice Magic
 18511 | Lair:6   | Reached skill level 8 in Air Magic
 18511 | Lair:6   | Reached skill level 8 in Earth Magic
 18511 | Lair:6   | Reached skill level 8 in Poison Magic
 19176 | Lair:6   | Found a runed translucent door.
 19208 | Lair:6   | Reached XP level 15. HP: 58/107 MP: 31/31
 19502 | Lair:6   | Gained mutation: You have somewhat slow reflexes. (EV -5)
                  | [Ru sacrifice]
 19502 | Lair:6   | Reached ****** piety under Ru
 19654 | Lair:6   | Paralysed by a hornet for 1 turns
 19688 | Lair:6   | Reached skill level 13 in Spellcasting
 20431 | D:12     | Found a staircase to the Orcish Mines.
 21307 | Orc:1    | Entered Level 1 of the Orcish Mines
 21310 | Orc:1    | Found Vemio's Antique Weapon Boutique.
 21510 | Orc:2    | Entered Level 2 of the Orcish Mines
 21528 | Orc:1    | Noticed an orc warlord
 21537 | Orc:1    | Killed an orc warlord
 21538 | Orc:1    | Reached skill level 10 in Short Blades
 21538 | Orc:1    | Reached skill level 10 in Long Blades
 21538 | Orc:1    | Reached skill level 10 in Axes
 21538 | Orc:1    | Reached skill level 10 in Maces & Flails
 21538 | Orc:1    | Reached skill level 10 in Polearms
 21538 | Orc:1    | Reached skill level 13 in Staves
 21538 | Orc:1    | Reached skill level 10 in Slings
 21538 | Orc:1    | Reached skill level 10 in Bows
 21538 | Orc:1    | Reached skill level 10 in Crossbows
 21538 | Orc:1    | Reached skill level 10 in Throwing
 21538 | Orc:1    | Reached skill level 10 in Armour
 21538 | Orc:1    | Reached skill level 10 in Dodging
 21538 | Orc:1    | Reached skill level 10 in Stealth
 21538 | Orc:1    | Reached skill level 10 in Unarmed Combat
 21538 | Orc:1    | Reached skill level 10 in Evocations
 21867 | Orc:2    | Paralysed by an orc sorcerer for 3 turns
 22288 | Orc:2    | Reached skill level 11 in Shields
 22303 | Orc:2    | Noticed an orc warlord
 22313 | Orc:2    | Killed an orc warlord
 22520 | Orc:2    | Found a roughly hewn altar of Beogh.
 22564 | Orc:2    | Reached skill level 11 in Invocations
 23082 | Orc:2    | Found Haeguci's General Store.
 23111 | Orc:2    | Found Goatiuk's Antique Armour Boutique.
 23112 | Orc:2    | Found Xeyjem's Antique Weapon Boutique.
 23113 | Orc:2    | Found Aceulac's Book Shop.
 23320 | Orc:2    | Found a staircase to the Elven Halls.
 23699 | D:13     | Reached skill level 9 in Transmutations
 23728 | D:13     | Noticed Nessos
 23738 | D:13     | Killed Nessos
 23739 | D:13     | Reached skill level 12 in Fighting
 23739 | D:13     | Found Tealodd's Antique Weapon Shop.
 23772 | D:13     | Found Wouryss's Gadget Shop.
 23787 | D:13     | Bought a tin of tremorstones (2/2) for 520 gold pieces
 24287 | D:13     | Found Niwoil's Gadget Emporium.
 24755 | D:14     | Found a gate to the Vaults.
 24755 | D:14     | Noticed Rupert
 24755 | D:14     | Noticed Urug
 24757 | D:14     | Reached XP level 16. HP: 99/111 MP: 24/33
 24762 | D:14     | Killed Rupert
 24765 | D:14     | Killed Urug
 25001 | D:14     | Found a shadowy altar of Dithmenos.
 25310 | Swamp:1  | Entered Level 1 of the Swamp
 25366 | Swamp:1  | Reached skill level 9 in Conjurations
 25366 | Swamp:1  | Reached skill level 9 in Hexes
 25366 | Swamp:1  | Reached skill level 9 in Summonings
 25366 | Swamp:1  | Reached skill level 9 in Necromancy
 25366 | Swamp:1  | Reached skill level 9 in Translocations
 25366 | Swamp:1  | Reached skill level 9 in Fire Magic
 25366 | Swamp:1  | Reached skill level 9 in Ice Magic
 25366 | Swamp:1  | Reached skill level 9 in Air Magic
 25366 | Swamp:1  | Reached skill level 9 in Earth Magic
 25366 | Swamp:1  | Reached skill level 9 in Poison Magic
 26022 | Swamp:1  | Reached skill level 14 in Staves
 26059 | Swamp:1  | Noticed Josephine
 26068 | Swamp:1  | Killed Josephine
 26445 | Swamp:1  | Noticed Aizul
 26462 | Swamp:1  | Killed Aizul
 27568 | Swamp:2  | Reached skill level 11 in Short Blades
 27568 | Swamp:2  | Reached skill level 11 in Long Blades
 27568 | Swamp:2  | Reached skill level 11 in Axes
 27568 | Swamp:2  | Reached skill level 11 in Maces & Flails
 27568 | Swamp:2  | Reached skill level 11 in Polearms
 27568 | Swamp:2  | Reached skill level 11 in Slings
 27568 | Swamp:2  | Reached skill level 11 in Bows
 27568 | Swamp:2  | Reached skill level 11 in Crossbows
 27568 | Swamp:2  | Reached skill level 11 in Throwing
 27568 | Swamp:2  | Reached skill level 11 in Armour
 27568 | Swamp:2  | Reached skill level 11 in Dodging
 27568 | Swamp:2  | Reached skill level 11 in Stealth
 27568 | Swamp:2  | Reached skill level 11 in Unarmed Combat
 27568 | Swamp:2  | Reached skill level 11 in Evocations
 27788 | Swamp:2  | Noticed a thorn hunter
 27804 | Swamp:2  | Killed a thorn hunter
 28677 | Swamp:3  | Reached skill level 12 in Invocations
 29488 | Swamp:3  | Reached skill level 12 in Shields
 29550 | Swamp:3  | Noticed a thorn hunter
 29554 | Swamp:3  | Killed a thorn hunter
 29555 | Swamp:3  | Reached XP level 17. HP: 93/121 MP: 34/34
 29565 | Swamp:3  | Reached skill level 14 in Spellcasting
 29912 | Swamp:4  | Entered Level 4 of the Swamp
 30800 | Swamp:4  | Reached skill level 10 in Transmutations
 31157 | Swamp:4  | Reached skill level 15 in Staves
 31576 | Swamp:4  | Reached skill level 13 in Fighting
 31642 | Swamp:4  | Noticed a tentacled monstrosity
 31653 | Swamp:4  | Killed a tentacled monstrosity
 31859 | Swamp:4  | Got a decaying rune of Zot
 32011 | Spider:1 | Entered Level 1 of the Spider Nest
 32093 | Spider:1 | Reached skill level 10 in Conjurations
 32093 | Spider:1 | Reached skill level 10 in Hexes
 32093 | Spider:1 | Reached skill level 10 in Summonings
 32093 | Spider:1 | Reached skill level 10 in Necromancy
 32093 | Spider:1 | Reached skill level 10 in Translocations
 32093 | Spider:1 | Reached skill level 10 in Fire Magic
 32093 | Spider:1 | Reached skill level 10 in Ice Magic
 32093 | Spider:1 | Reached skill level 10 in Air Magic
 32093 | Spider:1 | Reached skill level 10 in Earth Magic
 32093 | Spider:1 | Reached skill level 10 in Poison Magic
 32166 | Spider:1 | Noticed Nikola
 32189 | Spider:1 | Killed Nikola
 34032 | Spider:2 | Reached XP level 18. HP: 102/128 MP: 36/36
 35142 | Spider:3 | Reached skill level 12 in Short Blades
 35142 | Spider:3 | Reached skill level 12 in Long Blades
 35142 | Spider:3 | Reached skill level 12 in Axes
 35142 | Spider:3 | Reached skill level 12 in Maces & Flails
 35142 | Spider:3 | Reached skill level 12 in Polearms
 35142 | Spider:3 | Reached skill level 12 in Slings
 35142 | Spider:3 | Reached skill level 12 in Bows
 35142 | Spider:3 | Reached skill level 12 in Crossbows
 35142 | Spider:3 | Reached skill level 12 in Throwing
 35142 | Spider:3 | Reached skill level 12 in Armour
 35142 | Spider:3 | Reached skill level 12 in Dodging
 35142 | Spider:3 | Reached skill level 12 in Stealth
 35142 | Spider:3 | Reached skill level 12 in Unarmed Combat
 35142 | Spider:3 | Reached skill level 12 in Evocations
 35467 | Spider:3 | Reached skill level 13 in Invocations
 36211 | Spider:4 | Entered Level 4 of the Spider Nest
 36450 | Spider:4 | Reached skill level 16 in Staves
 37266 | Spider:4 | Reached skill level 13 in Shields
 37368 | Spider:4 | Learned a level 4 spell: Summon Lightning Spire
 37371 | Spider:4 | Learned a level 2 spell: Passwall
 37374 | Spider:4 | Learned a level 2 spell: Swiftness
 37379 | Spider:4 | Learned a level 4 spell: Cause Fear
 38354 | Spider:4 | Got a shimmering chain mail
 38355 | Spider:4 | Identified the +11 chain mail of Instinct {rN+ Str+2} (You
                  | found it on level 4 of the Spider Nest)
 38717 | Spider:4 | Got a gossamer rune of Zot
 39297 | D:14     | Identified a +1 robe of the Archmagi
 39298 | D:14     | Upgraded the game from 0.26.0-16-gc1dbca0489 to
                  | 0.26.0-18-gc5c842f807
 39301 | D:14     | Reached XP level 19. HP: 118/121 MP: 28/37
 39735 | D:15     | Entered Level 15 of the Dungeon
 39783 | D:15     | Reached skill level 15 in Spellcasting
 39783 | D:15     | Reached skill level 11 in Transmutations
 40442 | D:15     | Found a staircase to the Depths.
 40510 | Vaults:1 | Entered Level 1 of the Vaults
 40956 | Vaults:1 | You are cast into the Abyss!
 40956 | Vaults:1 | Cast into level 3 of the Abyss (a deep elf demonologist)
 40956 | Abyss:3  | Found a corrupted altar of Lugonu.
 41015 | Abyss:3  | Reached skill level 14 in Fighting
 41077 | Abyss:3  | Gained mutation: You occasionally shout uncontrollably at
                  | your foes. [a neqoxec]
 41318 | Abyss:3  | Reached skill level 11 in Conjurations
 41318 | Abyss:3  | Reached skill level 11 in Hexes
 41318 | Abyss:3  | Reached skill level 11 in Summonings
 41318 | Abyss:3  | Reached skill level 11 in Necromancy
 41318 | Abyss:3  | Reached skill level 11 in Translocations
 41318 | Abyss:3  | Reached skill level 11 in Fire Magic
 41318 | Abyss:3  | Reached skill level 11 in Ice Magic
 41318 | Abyss:3  | Reached skill level 11 in Air Magic
 41318 | Abyss:3  | Reached skill level 11 in Earth Magic
 41318 | Abyss:3  | Reached skill level 11 in Poison Magic
 41354 | Vaults:1 | You pass through the gate.
 41354 | Vaults:1 | Escaped the Abyss
 42945 | Vaults:2 | Reached skill level 17 in Staves
 43266 | Vaults:2 | Identified the +1 chain mail "Xikowoeff" {Harm rN++ rCorr
                  | Dex-5} (You found it on level 2 of the Vaults)
 43367 | Vaults:2 | Found a staircase to the Crypt.
 43367 | Vaults:2 | Found a basalt altar of Yredelemnul.
 43368 | Vaults:2 | Found an ancient bone altar of Kikubaaqudgha.
 43406 | Vaults:2 | Noticed Boris
 43483 | Vaults:3 | Reached skill level 14 in Invocations
 43497 | Vaults:3 | Reached skill level 13 in Short Blades
 43497 | Vaults:3 | Reached skill level 13 in Long Blades
 43497 | Vaults:3 | Reached skill level 13 in Axes
 43497 | Vaults:3 | Reached skill level 13 in Maces & Flails
 43497 | Vaults:3 | Reached skill level 13 in Polearms
 43497 | Vaults:3 | Reached skill level 13 in Slings
 43497 | Vaults:3 | Reached skill level 13 in Bows
 43497 | Vaults:3 | Reached skill level 13 in Crossbows
 43497 | Vaults:3 | Reached skill level 13 in Throwing
 43497 | Vaults:3 | Reached skill level 13 in Armour
 43497 | Vaults:3 | Reached skill level 13 in Dodging
 43497 | Vaults:3 | Reached skill level 13 in Stealth
 43497 | Vaults:3 | Reached skill level 13 in Unarmed Combat
 43497 | Vaults:3 | Reached skill level 13 in Evocations
 44192 | Vaults:3 | Reached XP level 20. HP: 76/144 MP: 39/39
 44193 | Vaults:3 | Noticed Mara
 44202 | Vaults:3 | Killed Mara
 44883 | Vaults:3 | Identified the +8 arbalest of Malaise {venom, Int+4} (You
                  | found it on level 3 of the Vaults)
 45240 | Vaults:3 | Reached skill level 14 in Shields
 46970 | Vaults:4 | Learned a level 5 spell: Summon Mana Viper
 47266 | Vaults:4 | HP: 12/144 [ice dragon/blast of cold (79)]
 48555 | Depths:1 | Entered Level 1 of the Depths
 48864 | Depths:1 | Reached skill level 18 in Staves
 49709 | Depths:1 | Reached skill level 12 in Transmutations
 49767 | Depths:1 | Found a gateway to Hell.
 49771 | Depths:1 | Reached XP level 21. HP: 117/133 MP: 31/40
 50203 | Depths:1 | HP: 8/143 [fire giant/fireball (38)]
 50212 | Depths:1 | Reached skill level 16 in Spellcasting
 50636 | Depths:1 | Reached skill level 15 in Fighting
 51382 | Depths:1 | Reached skill level 15 in Invocations
 51384 | Depths:1 | Reached skill level 12 in Conjurations
 51384 | Depths:1 | Reached skill level 12 in Hexes
 51384 | Depths:1 | Reached skill level 12 in Summonings
 51384 | Depths:1 | Reached skill level 12 in Necromancy
 51384 | Depths:1 | Reached skill level 12 in Translocations
 51384 | Depths:1 | Reached skill level 12 in Fire Magic
 51384 | Depths:1 | Reached skill level 12 in Ice Magic
 51384 | Depths:1 | Reached skill level 12 in Air Magic
 51384 | Depths:1 | Reached skill level 12 in Earth Magic
 51384 | Depths:1 | Reached skill level 12 in Poison Magic
 52074 | Depths:2 | Reached skill level 14 in Short Blades
 52074 | Depths:2 | Reached skill level 14 in Long Blades
 52074 | Depths:2 | Reached skill level 14 in Axes
 52074 | Depths:2 | Reached skill level 14 in Maces & Flails
 52074 | Depths:2 | Reached skill level 14 in Polearms
 52074 | Depths:2 | Reached skill level 14 in Slings
 52074 | Depths:2 | Reached skill level 14 in Bows
 52074 | Depths:2 | Reached skill level 14 in Crossbows
 52074 | Depths:2 | Reached skill level 14 in Throwing
 52074 | Depths:2 | Reached skill level 14 in Armour
 52074 | Depths:2 | Reached skill level 14 in Dodging
 52074 | Depths:2 | Reached skill level 14 in Stealth
 52074 | Depths:2 | Reached skill level 14 in Unarmed Combat
 52074 | Depths:2 | Reached skill level 14 in Evocations
 53046 | Depths:2 | Noticed the Enchantress
 53051 | Depths:2 | Killed the Enchantress
 53469 | Depths:3 | Found a one-way gate leading to the halls of Pandemonium.
 54841 | Depths:2 | Reached XP level 22. HP: 147/158 MP: 42/42
 55021 | Depths:2 | Noticed a golden dragon
 55032 | Depths:2 | Killed a golden dragon
 55296 | Depths:2 | Identified the +7 war axe "Iniganor" {vorpal, Str+4 Dex+4}
 55297 | Depths:2 | HP: 4/158 [spriggan air mage/the air (29)]
 55473 | Depths:1 | Reached skill level 19 in Staves
 55972 | Depths:2 | Noticed a shard shrike
 55973 | Depths:2 | Reached skill level 15 in Shields
 55981 | Depths:2 | a shard shrike changed into a titan
 55982 | Depths:2 | Noticed a shard shrike
 55982 | Depths:2 | a titan changed into a shard shrike
 55984 | Depths:2 | Killed a shard shrike
 56257 | Depths:2 | Noticed an ancient lich
 56269 | Depths:2 | Killed an ancient lich
 56527 | Depths:3 | Found a gateway to a ziggurat.
 58847 | Depths:3 | Found a runed translucent gate.
 58847 | Depths:3 | Found a runed translucent gate.
 58847 | Depths:3 | Found a runed translucent gate.
 58847 | Depths:3 | Noticed ragingrage's ghost (veteran GrDe)
 58848 | Depths:3 | Noticed littlecub's ghost (adept DsFi)
 58848 | Depths:3 | Noticed Strat's ghost (veteran GrEE)
 59102 | Depths:4 | Found a one-way gate to the infinite horrors of the Abyss.
 59384 | Depths:4 | Found a runed translucent gate.
 59384 | Depths:4 | Found a runed translucent gate.
 59384 | Depths:4 | Found a runed translucent gate.
 59693 | Depths:4 | Reached skill level 16 in Invocations
 59704 | Depths:4 | HP: 7/151 [centaur warrior/arrow (11)]
 60425 | Depths:4 | Reached skill level 13 in Transmutations
 61068 | Depths:4 | Reached XP level 23. HP: 153/156 MP: 43/43
 61311 | Depths:4 | Noticed a golden dragon
 61316 | Depths:4 | Noticed a golden dragon
 61320 | Depths:4 | Reached skill level 16 in Fighting
 61321 | Depths:4 | Noticed an ancient lich
 61350 | Depths:4 | Killed a golden dragon
 61351 | Depths:4 | Reached skill level 15 in Short Blades
 61351 | Depths:4 | Reached skill level 15 in Long Blades
 61351 | Depths:4 | Reached skill level 15 in Axes
 61351 | Depths:4 | Reached skill level 15 in Maces & Flails
 61351 | Depths:4 | Reached skill level 15 in Polearms
 61351 | Depths:4 | Reached skill level 15 in Slings
 61351 | Depths:4 | Reached skill level 15 in Bows
 61351 | Depths:4 | Reached skill level 15 in Crossbows
 61351 | Depths:4 | Reached skill level 15 in Throwing
 61351 | Depths:4 | Reached skill level 15 in Armour
 61351 | Depths:4 | Reached skill level 15 in Dodging
 61351 | Depths:4 | Reached skill level 15 in Stealth
 61351 | Depths:4 | Reached skill level 15 in Unarmed Combat
 61351 | Depths:4 | Reached skill level 17 in Spellcasting
 61351 | Depths:4 | Reached skill level 15 in Evocations
 61352 | Depths:4 | Killed an ancient lich
 61355 | Depths:4 | Killed a golden dragon
 61364 | Depths:4 | Paralysed by a sphinx for 7 turns
 61405 | Depths:4 | Reached skill level 13 in Conjurations
 61405 | Depths:4 | Reached skill level 13 in Hexes
 61405 | Depths:4 | Reached skill level 13 in Summonings
 61405 | Depths:4 | Reached skill level 13 in Necromancy
 61405 | Depths:4 | Reached skill level 13 in Translocations
 61405 | Depths:4 | Reached skill level 13 in Fire Magic
 61405 | Depths:4 | Reached skill level 13 in Ice Magic
 61405 | Depths:4 | Reached skill level 13 in Air Magic
 61405 | Depths:4 | Reached skill level 13 in Earth Magic
 61405 | Depths:4 | Reached skill level 13 in Poison Magic
 61925 | Depths:4 | Learned a level 5 spell: Borgnjor's Vile Clutch
 62050 | Depths:4 | Identified the +12 chain mail of the Moon Troll {Str+3}
                  | (You found it on level 4 of the Depths)
 62054 | Depths:4 | Identified the +4 scale mail "Aqompis" {rC+ rN+ Slay+3}
                  | (You found it on level 4 of the Depths)
 62260 | Depths:4 | Noticed a golden dragon
 62266 | Depths:4 | Killed a golden dragon
 62378 | Depths:4 | Reached skill level 20 in Staves
 62615 | Depths:5 | Entered Level 5 of the Depths
 63864 | Depths:5 | Noticed a juggernaut
 63870 | Depths:5 | Killed a juggernaut
 64952 | Depths:5 | Reached XP level 24. HP: 108/158 MP: 38/44
 65129 | Depths:5 | Reached skill level 16 in Shields
 65153 | Depths:5 | Found a gate to the Realm of Zot.
 66493 | Slime:1  | Entered Level 1 of the Pits of Slime
 66502 | Slime:1  | Reached skill level 16 in Armour
 67350 | Slime:5  | Entered Level 5 of the Pits of Slime
 67991 | Slime:5  | Gained mutation: Potions are less effective at restoring
                  | your health. [a shining eye]
 68146 | Slime:5  | Found a viscous altar of Jiyva.
 68158 | Slime:5  | Noticed the Royal Jelly
 68163 | Slime:5  | Killed the Royal Jelly
 68164 | Slime:5  | Reached skill level 17 in Invocations
 68301 | Slime:5  | Got a crude crystal amulet
 68305 | Slime:5  | Got a slimy rune of Zot
 68328 | Slime:5  | Learned a level 4 spell: Olgreb's Toxic Radiance
 68330 | Slime:5  | Learned a level 1 spell: Apportation
 68386 | Slime:5  | Identified the amulet "Gautoar" {Inacc +Blink} (You found
                  | it on level 5 of the Pits of Slime)
 68388 | Slime:5  | Identified the +4 glaive "Dawaf" {drain, Will+ Str+4} (You
                  | found it on level 5 of the Pits of Slime)
 68749 | Elf:1    | Entered Level 1 of the Elven Halls
 69804 | Elf:2    | Found a ruined gateway.
 69809 | Desolati | Entered the Desolation of Salt
 69942 | Desolati | Reached skill level 21 in Staves
 70158 | Desolati | Identified the cursed +0 chain mail of the Abyss {MP+9
                  | Slay+2 Stlth+}
 70184 | Desolati | Reached skill level 16 in Short Blades
 70184 | Desolati | Reached skill level 16 in Long Blades
 70184 | Desolati | Reached skill level 16 in Axes
 70184 | Desolati | Reached skill level 16 in Maces & Flails
 70184 | Desolati | Reached skill level 16 in Polearms
 70184 | Desolati | Reached skill level 16 in Slings
 70184 | Desolati | Reached skill level 16 in Bows
 70184 | Desolati | Reached skill level 16 in Crossbows
 70184 | Desolati | Reached skill level 16 in Throwing
 70184 | Desolati | Reached skill level 16 in Dodging
 70184 | Desolati | Reached skill level 16 in Stealth
 70184 | Desolati | Reached skill level 16 in Unarmed Combat
 70184 | Desolati | Reached skill level 16 in Evocations
 70386 | Desolati | Identified the +9 quarterstaff of Tartarus {vorpal, Str+3
                  | Dex+4}
 70386 | Desolati | Identified the ring "Yrat Xyck" {rF++ rC+ Str+3 Stlth+}
 70535 | Desolati | Identified the Almanac of Mutagenic Confrontation
 70565 | Desolati | Identified the +10 morningstar "Qiegh" {vorpal, Int+3}
 70607 | Desolati | Identified Fiocus's Tome of Confrontation
 70628 | Desolati | Reached skill level 17 in Fighting
 70952 | Desolati | Identified the Reference Book on Lethal Malediction
 70956 | Desolati | Got a fine golden ring
 70957 | Desolati | Identified the ring "Oteimeph" {*Contam rF+ Dex+5 Stlth-}
                  | (You found it in the Desolation of Salt)
 70960 | Desolati | Identified Kanenopn's Tome of Malediction
 70996 | Desolati | Reached XP level 25. HP: 171/171 MP: 44/44
 71045 | Desolati | Reached skill level 14 in Transmutations
 71167 | Desolati | Identified the ring of Qayrul {*Drain Will+ Int+6 Dex+3
                  | Slay+3}
 71209 | Desolati | Reached skill level 17 in Armour
 71891 | Elf:2    | Learned a level 2 spell: Blink
 72552 | Elf:2    | Reached skill level 18 in Spellcasting
 72565 | Elf:2    | Found a large runed translucent door.
 72565 | Elf:2    | Found a large runed translucent door.
 72599 | Elf:2    | Found a large runed translucent door.
 72599 | Elf:2    | Found a large runed translucent door.
 72716 | Elf:3    | Entered Level 3 of the Elven Halls
 72832 | Elf:3    | Found a flickering gateway to a bazaar.
 72850 | Bazaar   | Entered a bazaar
 72850 | Bazaar   | Found Soefiuna's General Store.
 72850 | Bazaar   | Found Nolo Byrph's Book Shop.
 72850 | Bazaar   | Found Dimoud's General Store.
 72850 | Bazaar   | Found Lashat's Jewellery Shop.
 72852 | Bazaar   | Found Mijuch's General Store.
 72852 | Bazaar   | Found Azxiuw's Antique Armour Boutique.
 73021 | Bazaar   | Bought a scroll of magic mapping for 35 gold pieces
 73021 | Bazaar   | Bought a potion of heal wounds for 50 gold pieces
 73026 | Bazaar   | Bought a pitted buckler for 294 gold pieces
 73026 | Bazaar   | Identified the +2 buckler of Gocibrub {+Inv Will+ Dex+4}
                  | (You bought it in a shop in a bazaar)
 73053 | Bazaar   | Bought a shimmering chain mail for 294 gold pieces
 73053 | Bazaar   | Identified the +4 chain mail of Zin's Envy {Int+3} (You
                  | bought it in a shop in a bazaar)
 73054 | Bazaar   | Bought a faintly glowing scale mail for 279 gold pieces
 73054 | Bazaar   | Bought a translucent leather armour for 217 gold pieces
 73054 | Bazaar   | Bought an ichor-stained leather armour for 217 gold pieces
 73054 | Bazaar   | Bought a polished ring mail for 279 gold pieces
 73054 | Bazaar   | Identified the +0 scale mail "Afokh" {Rampage Str-4 Int+9
                  | Dex-3} (You bought it in a shop in a bazaar)
 73055 | Bazaar   | Identified the +1 leather armour of Failure {rF+ rCorr
                  | Str-4 Dex+2} (You bought it in a shop in a bazaar)
 73056 | Bazaar   | Identified the cursed +0 ring mail of Valour {rN+} (You
                  | bought it in a shop in a bazaar)
 73057 | Bazaar   | Identified the +0 leather armour of the Stone Wall {rC- rN+
                  | rCorr Str+3} (You bought it in a shop in a bazaar)
 73066 | Bazaar   | Bought a scroll of teleportation for 51 gold pieces
 73066 | Bazaar   | Bought 7 silver javelins for 285 gold pieces
 73170 | Elf:3    | Reached skill level 14 in Conjurations
 73170 | Elf:3    | Reached skill level 14 in Hexes
 73170 | Elf:3    | Reached skill level 14 in Summonings
 73170 | Elf:3    | Reached skill level 14 in Necromancy
 73170 | Elf:3    | Reached skill level 14 in Translocations
 73170 | Elf:3    | Reached skill level 14 in Fire Magic
 73170 | Elf:3    | Reached skill level 14 in Ice Magic
 73170 | Elf:3    | Reached skill level 14 in Air Magic
 73170 | Elf:3    | Reached skill level 14 in Earth Magic
 73170 | Elf:3    | Reached skill level 14 in Poison Magic
 73312 | Elf:3    | Identified the ring of Atsurim {Ice rN++}
 73337 | Elf:3    | Identified Ashroibirgh's Papyrus of Fetching Shape Shifting
 73363 | Elf:3    | Identified the cursed +1 great mace of Egomania {vorpal,
                  | rC+ Stlth+}
 73392 | Elf:3    | Identified the ring "Cacican" {MP+9 Str+4} (You found it on
                  | level 3 of the Elven Halls)
 73407 | Elf:3    | Got a twitching steel ring
 73408 | Elf:3    | Identified the ring of Midsummer {rElec Int+3 Stlth-} (You
                  | found it on level 3 of the Elven Halls)
 73481 | Elf:3    | Identified the +5 great sword of the Orb {speed, Will+}
 74126 | Elf:3    | Identified Kikubaaqudgha's Volume of Sinister Arts
 75030 | Vaults:2 | Noticed Asterion
 75053 | Vaults:2 | Killed Asterion
 75136 | Vaults:2 | Killed Boris
 75191 | Vaults:2 | Reached skill level 17 in Shields
 75376 | Vaults:2 | Learned a level 6 spell: Statue Form
 75387 | Vaults:2 | Learned a level 6 spell: Death Channel
 75513 | Vaults:2 | Found a runed translucent door.
 75514 | Vaults:2 | Noticed jackrogers's ghost (adept GrWn)
 75515 | Vaults:2 | Found a shimmering altar of Xom.
 75516 | Vaults:2 | Found the macabre finger necklace {rN+}
 76324 | Vaults:4 | Reached skill level 18 in Armour
 76335 | Vaults:4 | Reached XP level 26. HP: 188/188 MP: 45/45
 76487 | Vaults:5 | Entered Level 5 of the Vaults
 76504 | Vaults:5 | Reached skill level 17 in Crossbows
 76505 | Vaults:5 | Reached skill level 18 in Invocations
 76514 | Vaults:5 | Reached skill level 22 in Staves
 77201 | Vaults:5 | Reached skill level 17 in Short Blades
 77201 | Vaults:5 | Reached skill level 17 in Long Blades
 77201 | Vaults:5 | Reached skill level 17 in Axes
 77201 | Vaults:5 | Reached skill level 17 in Maces & Flails
 77201 | Vaults:5 | Reached skill level 17 in Polearms
 77201 | Vaults:5 | Reached skill level 17 in Slings
 77201 | Vaults:5 | Reached skill level 17 in Bows
 77201 | Vaults:5 | Reached skill level 17 in Throwing
 77201 | Vaults:5 | Reached skill level 17 in Dodging
 77201 | Vaults:5 | Reached skill level 17 in Stealth
 77201 | Vaults:5 | Reached skill level 17 in Unarmed Combat
 77201 | Vaults:5 | Reached skill level 17 in Evocations
 77268 | Vaults:5 | Noticed an ancient lich
 77277 | Vaults:5 | Killed an ancient lich
 77513 | Vaults:5 | Identified the cursed +1 glaive of the Evening {pain, rElec
                  | rPois rC++}
 77523 | Vaults:5 | Reached skill level 18 in Fighting
 77719 | Vaults:5 | Got a silver rune of Zot
 77888 | Vaults:5 | Identified the +3 quarterstaff "Transmigrator" {holy,
                  | Int+2}
 77925 | Vaults:5 | Identified the +6 glaive "Raab" {vorpal, rPois Dex+4 SInv}
 78003 | Vaults:5 | Identified the +6 scimitar of the Boiling Point {vorpal,
                  | rElec rC++}
 78031 | Vaults:5 | Reached skill level 18 in Crossbows
 78111 | Vaults:5 | Reached skill level 19 in Armour
 78511 | Vaults:5 | Reached XP level 27. HP: 194/195 MP: 45/45
 78529 | Vaults:5 | Reached skill level 15 in Transmutations
 79034 | Zot:1    | Entered Level 1 of the Realm of Zot
 79593 | Zot:2    | Reached skill level 19 in Spellcasting
 79751 | Zot:2    | Reached skill level 15 in Conjurations
 79751 | Zot:2    | Reached skill level 15 in Hexes
 79751 | Zot:2    | Reached skill level 15 in Summonings
 79751 | Zot:2    | Reached skill level 15 in Necromancy
 79751 | Zot:2    | Reached skill level 15 in Translocations
 79751 | Zot:2    | Reached skill level 15 in Fire Magic
 79751 | Zot:2    | Reached skill level 15 in Ice Magic
 79751 | Zot:2    | Reached skill level 15 in Air Magic
 79751 | Zot:2    | Reached skill level 15 in Earth Magic
 79751 | Zot:2    | Reached skill level 15 in Poison Magic
 80257 | Zot:5    | Entered Level 5 of the Realm of Zot
 80264 | Zot:5    | Noticed a curse toe
 80270 | Zot:5    | Killed a curse toe
 80849 | Zot:5    | Reached skill level 18 in Shields
 80931 | Zot:5    | Noticed an orb of fire
 80937 | Zot:5    | Noticed an orb of fire
 80943 | Zot:5    | Noticed an orb of fire
 80949 | Zot:5    | Noticed an ancient lich
 80961 | Zot:5    | Killed an orb of fire
 80963 | Zot:5    | Reached skill level 19 in Invocations
 80963 | Zot:5    | Killed an orb of fire
 80966 | Zot:5    | Noticed an ancient lich
 80974 | Zot:5    | Noticed an ancient lich
 81338 | Zot:5    | Gained mutation: Armour fits poorly on your strangely
                  | shaped body. [an orb of fire]
 81347 | Zot:5    | Gained mutation: Your magical capacity is low. (-10% MP)
                  | [an orb of fire]
 81348 | Zot:5    | Killed an orb of fire
 81354 | Zot:5    | Killed an ancient lich
 81355 | Zot:5    | Reached skill level 19 in Crossbows
 81375 | Zot:5    | Killed an ancient lich
 81376 | Zot:5    | Reached skill level 20 in Armour
 81715 | Zot:5    | Killed an ancient lich
 82026 | Zot:5    | Noticed an ancient lich
 82049 | Zot:5    | Killed an ancient lich
 82274 | Zot:5    | Noticed an ancient lich
 82310 | Zot:5    | Killed an ancient lich
 82311 | Zot:5    | Reached skill level 18 in Short Blades
 82311 | Zot:5    | Reached skill level 18 in Long Blades
 82311 | Zot:5    | Reached skill level 18 in Axes
 82311 | Zot:5    | Reached skill level 18 in Maces & Flails
 82311 | Zot:5    | Reached skill level 18 in Polearms
 82311 | Zot:5    | Reached skill level 18 in Slings
 82311 | Zot:5    | Reached skill level 18 in Bows
 82311 | Zot:5    | Reached skill level 18 in Throwing
 82311 | Zot:5    | Reached skill level 18 in Dodging
 82311 | Zot:5    | Reached skill level 18 in Stealth
 82311 | Zot:5    | Reached skill level 18 in Unarmed Combat
 82311 | Zot:5    | Reached skill level 18 in Evocations
 82548 | Zot:5    | Noticed an orb of fire
 82560 | Zot:5    | Gained mutation: Your magical capacity is very low. (-20%
                  | MP) [an orb of fire]
 82566 | Zot:5    | Killed an orb of fire
 82652 | Zot:5    | Noticed an electric golem
 82658 | Zot:5    | Noticed an electric golem
 82670 | Zot:5    | Killed an electric golem
 82679 | Zot:5    | Killed an electric golem
 82761 | Zot:5    | Got the Orb of Zot
 82777 | Zot:5    | Noticed Yrimet the pandemonium lord
 83186 | D:13     | Reached skill level 19 in Fighting
 83503 | D:1      | Gained mutation: You are weak. (Str -2) [a cacodemon]
 83536 | D:1      | Reached skill level 23 in Staves
 83572 | D:1      | Lost mutation: You are weak. (Str -2) [potion of mutation]
 83572 | D:1      | Lost mutation: Armour fits poorly on your strangely shaped
                  | body. [potion of mutation]
 83572 | D:1      | Lost mutation: Your magical capacity is very low. (-20% MP)
                  | [potion of mutation]
 83572 | D:1      | Lost mutation: You occasionally shout uncontrollably at
                  | your foes. [potion of mutation]
 83572 | D:1      | Gained mutation: You are strong-willed. (Will+) [potion of
                  | mutation]
 83572 | D:1      | Gained mutation: You evolve. [potion of mutation]
 83577 | D:$      | Escaped with the Orb!

Vanquished Creatures
  the Royal Jelly (Slime:5)
  8 ancient liches
  4 orbs of fire (Zot:5)
  Mara (Vaults:3)
  A juggernaut (Depths:5)
  2 Killer Klowns (Zot:5)
  A curse toe (Zot:5)
  A shard shrike (shapeshifter) (Depths:2)
  6 golden dragons
  A profane servitor (D:1)
  the Enchantress (Depths:2)
  A Brimstone Fiend (D:8)
  2 electric golems (Zot:5)
  An Ice Fiend (D:1)
  7 tentacled monstrosities
  2 deep elf blademasters (Elf:3)
  3 liches
  Rupert (D:14)
  12 acid blobs
  Asterion (Vaults:2)
  4 titans
  30 Orb Guardians
  3 quicksilver dragons
  A tentacled starspawn (Abyss:3)
  2 deep elf master archers (Elf:3)
  3 death cobs
  2 Executioners
  Gastronok (Lair:1)
  11 sphinxes
  11 storm dragons
  2 thorn hunters
  7 tengu reavers
  9 shadow dragons
  A fenstrider witch (Swamp:4)
  4 draconian monks
  5 ghost moths
  16 fire giants
  15 azure jellies
  3 iron dragons
  A draconian knight (Zot:5)
  9 frost giants
  A cacodemon (D:1)
  9 emperor scorpions
  2 orc warlords
  2 imperial myrmidons (Desolation)
  5 deep elf sorcerers
  8 vault wardens
  Aizul (Swamp:1)
  2 draconian stormcallers
  A draconian scorcher (Zot:2)
  3 draconian shifters
  A reaper (Depths:4)
  2 deep elf elementalists
  2 draconian annihilators (Zot:5)
  13 ironheart preservers
  4 spriggan defenders
  15 stone giants
  A vampire knight (Depths:4)
  A green draconian (Depths:5)
  Nessos (D:13)
  25 very ugly things
  8 red draconians
  72 slime creatures
  11 deep elf demonologists
  6 yellow draconians
  4 purple draconians
  12 deep elf annihilators
  A halazid warlock (Desolation)
  4 black draconians
  3 bunyips
  4 entropy weavers
  6 spark wasps
  2 white draconians
  2 crystal guardians
  11 ettins
  8 deep elf death magi
  A merfolk impaler (Depths:1)
  8 eleionomae
  2 green deaths (Swamp:4)
  Josephine (Swamp:1)
  4 deep elf high priests
  4 merfolk javelineers
  18 fire dragons
  4 ragged hierophants (Desolation)
  3 death oozes (Slime:5)
  2 jiangshi (Depths:3)
  8 peacekeepers (Desolation)
  12 yaktaur captains
  26 vault guards
  12 great orbs of eyes
  5 rakshasas
  21 hydras
  12 ice dragons
  A hell beast (D:5)
  10 servants of whispers (Desolation)
  9 boulder beetles
  Harold (Lair:1)
  5 catoblepae
  A two-headed ogre (shapeshifter) (Vaults:4)
  12 centaur warriors
  4 ghost crabs
  10 alligators
  4 death knights
  Erica (D:8)
  6 deep troll shamans
  7 spriggan air magi
  20 dancing weapons
  19 two-headed ogres
  8 ogre magi
  4 vampire magi
  4 tengu warriors
  8 death yaks
  8 deep troll earth magi
  6 thrashing horrors
  2 spriggan berserkers
  4 orc high priests (Orc:2)
  12 hell knights
  15 deep elf knights
  Nergalle (Lair:1)
  2 iron trolls
  2 storm dragon zombies (Vaults:3)
  3 shadow wraiths
  3 sixfirhies
  A fire crab (shapeshifter) (Vaults:4)
  A death drake (shapeshifter) (Vaults:5)
  3 unseen horrors
  4 glowing orange brains
  A deep troll (shapeshifter) (Elf:3)
  2 goliath frogs (Swamp:1)
  A storm dragon skeleton (Vaults:3)
  A torturous demonspawn (Depths:4)
  4 flayed ghosts
  3 spriggan druids
  4 wizards
  26 deep trolls
  A gelid demonspawn (Depths:4)
  5 swamp dragons
  8 bog bodies
  16 deep elf archers
  2 phantasmal warriors
  9 harpies
  An orb spider (shapeshifter) (Depths:2)
  12 orc knights
  8 necromancers
  A lindwurm (Lair:6)
  49 deep elf magi
  15 ironbrand convokers
  6 orc sorcerers
  24 orb spiders
  A tengu zombie (Vaults:3)
  A wolf spider (shapeshifter) (Vaults:4)
  2 shining eyes
  8 cyclopes
  2 manticores
  41 ugly things
  3 will-o-the-wisps
  4 nameless horrors
  A worldbinder (Abyss:3)
  3 black mambas
  25 wolf spiders
  10 vault sentinels
  A black mamba (shapeshifter) (Vaults:2)
  10 elephants
  9 moths of wrath
  A frost giant skeleton (Vaults:3)
  2 eyes of devastation
  2 eyes of devastation (shapeshifter)
  2 smoke demons
  A guardian serpent (Desolation)
  A cane toad (shapeshifter) (Abyss:3)
  11 cane toads
  4 spectral swamp worms (Depths:2)
  6 torpor snails
  Maggie (D:11)
  6 orange demons
  4 gargoyles
  63 yaktaurs
  An efreet (D:13)
  A komodo dragon (shapeshifter) (Depths:1)
  2 rime drakes
  22 demonic crawlers
  12 komodo dragons
  2 freezing wraiths (Vaults:5)
  A redback zombie (D:13)
  A yaktaur (shapeshifter) (Depths:4)
  An ice devil (D:14)
  3 hellwings (D:13)
  2 ancient zymes (Abyss:3)
  4 human skeletons (Vaults:3)
  13 tyrant leeches
  A troll (shapeshifter) (Vaults:1)
  A bloated husk (Swamp:2)
  33 jumping spiders
  7 trolls
  2 tengu conjurers
  27 hornets
  3 polar bears
  58 saltlings (Desolation)
  31 blink frogs
  A blink frog (shapeshifter) (Vaults:4)
  2 ettin zombies
  68 redbacks
  5 shadows
  27 tarantellas
  10 spriggans
  6 small abominations
  A tarantella (shapeshifter) (Vaults:3)
  5 wraiths
  A wyvern (Lair:6)
  46 yaks
  7 air elementals
  A basilisk (shapeshifter) (Elf:3)
  26 water elementals
  4 basilisks
  15 large abominations
  5 fire elementals
  16 humans (D:14)
  8 golden eyes
  4 fire bats (Depths:1)
  3 steam dragons
  A human (shapeshifter) (Vaults:1)
  12 vampire mosquitoes
  A neqoxec (Abyss:3)
  A chaos spawn (Abyss:3)
  4 wargs
  A harpy simulacrum (D:14)
  Edmund (D:5)
  An acid dragon (shapeshifter) (Vaults:5)
  A soldier ant (shapeshifter) (D:13)
  11 swamp worms
  14 water moccasins
  7 acid dragons
  3 floating eyes
  6 black bears
  2 swamp drakes (Lair:6)
  6 sky beasts
  8 ice beasts
  3 phantoms
  36 orc warriors
  An ettin simulacrum (Vaults:3)
  4 eyes of draining
  A black bear (shapeshifter) (Vaults:4)
  14 wolves
  37 ogres
  4 necrophages
  An orc skeleton (Vaults:1)
  20 centaurs
  3 elf zombies (Elf:3)
  2 human zombies (Vaults:3)
  2 big kobolds
  19 bullfrogs
  A gnoll sergeant (D:5)
  An ogre simulacrum (Vaults:1)
  9 earth elementals
  A glowing shapeshifter simulacrum (Vaults:2)
  2 wyvern zombies
  A wyvern skeleton (D:11)
  A water moccasin zombie (D:8)
  5 killer bees
  A scorpion (shapeshifter) (Vaults:4)
  5 scorpions
  7 wights
  6 howler monkeys
  5 electric eels
  3 centaur zombies
  4 crimson imps (D:14)
  A bullfrog zombie (D:10)
  9 hounds
  A quasit (D:10)
  4 jellies
  5 centaur skeletons
  A gnoll shaman (D:5)
  25 orc wizards
  29 orc priests
  2 bullfrog skeletons
  12 iguanas
  10 worker ants
  A killer bee zombie (D:10)
  A hound skeleton (D:3)
  A howler monkey zombie (D:6)
  18 gnolls
  12 adders
  A shadow imp (D:9)
  7 white imps
  3 ufetubi
  4 oozes
  2 adder skeletons
  A worm (D:3)
  3 dart slugs
  11 leopard geckos
  126 orcs
  4 giant cockroaches
  8 hobgoblins
  12 jackals
  3 quokkas
  10 bats
  6 frilled lizards
  12 goblins
  12 kobolds
  A quokka skeleton (D:7)
  8 rats
  4 briar patches (Swamp:3)
  A crawling corpse (Elf:3)
2357 creatures vanquished.

Vanquished Creatures (collateral kills)
  Boris (Vaults:2)
  A Killer Klown (Zot:5)
  A golden dragon (Depths:4)
  3 liches
  An acid blob (Slime:5)
  A sphinx (Depths:5)
  A shadow dragon (Depths:5)
  2 azure jellies (Slime:5)
  A frost giant (Depths:5)
  A vault warden (Vaults:5)
  A fire giant (Depths:5)
  A deep elf sorcerer (Elf:3)
  A spriggan defender (Depths:5)
  2 very ugly things
  A deep elf demonologist (Vaults:5)
  2 deep elf annihilators
  A halazid warlock (Desolation)
  A crystal guardian (Desolation)
  A fire dragon (Depths:5)
  2 great orbs of eyes
  A ragged hierophant (Desolation)
  A servant of whispers (Desolation)
  4 peacekeepers (Desolation)
  An ice dragon (Depths:4)
  A centaur warrior (Vaults:2)
  A deep troll shaman (Depths:5)
  A hell knight (Depths:5)
  An iron troll (Depths:5)
  An ironbrand convoker (Desolation)
  2 shining eyes (Slime:5)
  A vault sentinel (Vaults:1)
  A human skeleton (Vaults:1)
  A yaktaur zombie (Vaults:1)
  2 yaktaurs (Depths:5)
  3 saltlings (Desolation)
  2 slime creatures
  A spriggan (Depths:5)
  An eye of draining (Slime:5)
52 creatures vanquished.

Vanquished Creatures (others)
  A golden dragon (Depths:5)
  Nikola (Spider:1)
  An Orb Guardian (Zot:5)
  A titan (Depths:3)
  2 sphinxes
  A death cob (Depths:5)
  An azure jelly (Slime:4)
  A storm dragon (Depths:4)
  A ghost moth (Zot:5)
  2 deep elf sorcerers
  A very ugly thing (Depths:1)
  A deep elf demonologist (Elf:3)
  A deep elf annihilator (Elf:3)
  A red draconian (Zot:5)
  A jiangshi (Depths:3)
  A great orb of eyes (Vaults:2)
  A servant of whispers (Desolation)
  3 hydras
  A dancing weapon (Elf:3)
  2 two-headed ogres (Vaults:5)
  2 death yaks
  A deep troll earth mage (Depths:3)
  Urug (D:14)
  3 deep elf knights
  A goliath frog (Swamp:1)
  A lindwurm (Lair:6)
  An orc knight (Vaults:2)
  4 deep elf magi
  A moth of wrath (Spider:4)
  A spectral swamp worm (Depths:2)
  3 yaktaurs
  2 hornets
  5 saltlings (Desolation)
  4 slime creatures
  A tarantella (Spider:3)
  A spriggan (Swamp:1)
  3 redbacks
  A golden eye (Slime:2)
  A water elemental (Depths:2)
  A vampire mosquito (Swamp:1)
  3 swamp worms
  An orc warrior (Vaults:5)
  A sky beast (D:13)
  2 ogres
  A wolf (Lair:6)
  An orc wizard (Vaults:5)
  An iguana (Lair:3)
  2 orcs (Vaults:3)
  6 foxfires
  66 fungi
  A lurking horror (Slime:1)
  159 plants
307 creatures vanquished.

Grand Total: 2716 creatures vanquished

Table legend: (Time is in decaauts)
 A = Elapsed time spent in this place.
 B = Non-inter-level travel time spent in this place.
 C = Inter-level travel time spent in this place.
 D = Time resting spent in this place.
 E = Time spent auto-exploring this place.
 F = Levels seen in this place.
 G = Mean time per level.
                   A        B        C        D        E       F      G
               +--------+--------+--------+--------+--------+-----+--------+
         Total |  83238 |  78659 |   4579 |  28840 |  30082 |  58 | 1435.1 |
       Dungeon |  18151 |  16626 |   1525 |   3246 |   8432 |  15 | 1210.1 |
        Temple |     82 |     68 |     14 |      0 |     49 |   1 |   82.0 |
          Lair |   8737 |   7856 |    881 |   2804 |   3327 |   6 | 1456.2 |
         Swamp |   6917 |   6706 |    211 |   3290 |   2148 |   4 | 1729.2 |
   Spider Nest |   7053 |   6662 |    391 |   1363 |   3753 |   4 | 1763.2 |
    Slime Pits |   1900 |   1876 |     24 |   1218 |      0 |   5 |  380.0 |
  Orcish Mines |   2362 |   2190 |    172 |    592 |    904 |   2 | 1181.0 |
   Elven Halls |   3437 |   3278 |    159 |    246 |   1938 |   3 | 1145.7 |
        Vaults |  10764 |  10305 |    459 |   3642 |   4260 |   5 | 2152.8 |
        Depths |  17880 |  17140 |    740 |   9190 |   4737 |   5 | 3576.0 |
           Zot |   3404 |   3404 |      0 |   2134 |      3 |   5 |  680.8 |
         Abyss |    385 |    385 |      0 |     78 |      0 |   1 |  385.0 |
        Bazaar |    225 |    225 |      0 |    155 |      0 |   1 |  225.0 |
    Desolation |   1935 |   1935 |      0 |    878 |    528 |   1 | 1935.0 |
               +--------+--------+--------+--------+--------+-----+--------+

Top non-repeatable levels by time:
Depths:1: 3989 daAuts
Depths:2: 3650 daAuts
Depths:5: 3510 daAuts
Depths:3: 3380 daAuts
Depths:4: 3349 daAuts
Vaults:3: 3082 daAuts
  Lair:6: 2511 daAuts
 Swamp:1: 2137 daAuts
Vaults:4: 2059 daAuts
Spider:4: 1957 daAuts
Spider:3: 1956 daAuts
Vaults:5: 1940 daAuts
Desolation: 1935 daAuts
Vaults:1: 1932 daAuts
  Lair:2: 1870 daAuts

Table legend:
 A = Non-vault XP
 B = Vault XP
 C = Vault XP percentage of total XP
 D = Non-vault monster count
 E = Vault monster count
 F = Vault count percentage of total count
                 A         B        C        D         E       F
            +---------+---------+-------+---------+---------+-------
      Total |  739556 |  770342 |  51.0 |    1574 |     846 |  35.0
            +---------+---------+-------+---------+---------+-------
        D:1 |      62 |       0 |   0.0 |      33 |       0 |   0.0
        D:2 |      58 |       0 |   0.0 |      14 |       0 |   0.0
        D:3 |      82 |       0 |   0.0 |      26 |       0 |   0.0
        D:4 |     129 |       0 |   0.0 |       9 |       0 |   0.0
        D:5 |    1599 |     158 |   9.0 |      48 |       1 |   2.0
        D:6 |      33 |       4 |  10.8 |       6 |       2 |  25.0
        D:7 |     659 |     732 |  52.6 |      16 |      15 |  48.4
        D:8 |    1310 |    1568 |  54.5 |      20 |       6 |  23.1
        D:9 |    1123 |       0 |   0.0 |      27 |       0 |   0.0
       D:10 |    3893 |    1945 |  33.3 |      16 |       9 |  36.0
       D:11 |    3936 |     404 |   9.3 |      30 |       1 |   3.2
       D:12 |    5951 |     537 |   8.3 |      27 |      32 |  54.2
       D:13 |    3441 |    7292 |  67.9 |      28 |      15 |  34.9
       D:14 |    4353 |    9816 |  69.3 |      15 |      31 |  67.4
       D:15 |    5160 |    2506 |  32.7 |      15 |       5 |  25.0
     Lair:1 |    2275 |    4009 |  63.8 |      10 |       3 |  23.1
     Lair:2 |    9783 |    2087 |  17.6 |      39 |      13 |  25.0
     Lair:3 |    3960 |    1468 |  27.0 |      20 |       6 |  23.1
     Lair:4 |    9585 |    4813 |  33.4 |      19 |      21 |  52.5
     Lair:5 |   11484 |       0 |   0.0 |      26 |       0 |   0.0
     Lair:6 |   15127 |    9236 |  37.9 |      45 |      30 |  40.0
    Swamp:1 |   15877 |    3334 |  17.4 |      36 |       5 |  12.2
    Swamp:2 |   16991 |       0 |   0.0 |      25 |       0 |   0.0
    Swamp:3 |   13407 |       0 |   0.0 |      26 |       0 |   0.0
    Swamp:4 |   13453 |   23601 |  63.7 |      21 |      29 |  58.0
   Spider:1 |    8725 |    6770 |  43.7 |      24 |      11 |  31.4
   Spider:2 |   15106 |       0 |   0.0 |      43 |       0 |   0.0
   Spider:3 |   15089 |    5447 |  26.5 |      43 |      11 |  20.4
   Spider:4 |   18887 |   22874 |  54.8 |      50 |      34 |  40.5
    Slime:1 |    9155 |       0 |   0.0 |      10 |       0 |   0.0
    Slime:2 |    4253 |       0 |   0.0 |       8 |       0 |   0.0
    Slime:3 |    4523 |       0 |   0.0 |      17 |       0 |   0.0
    Slime:4 |    3448 |       0 |   0.0 |       2 |       0 |   0.0
    Slime:5 |   17709 |   22225 |  55.7 |      41 |       9 |  18.0
      Orc:1 |    3918 |      39 |   1.0 |      27 |       2 |   6.9
      Orc:2 |    1703 |   11081 |  86.7 |      22 |      67 |  75.3
      Elf:1 |   11825 |    7321 |  38.2 |      23 |      14 |  37.8
      Elf:2 |   16880 |    3241 |  16.1 |      30 |       4 |  11.8
      Elf:3 |   20356 |   41211 |  66.9 |      34 |      37 |  52.1
   Vaults:1 |   24438 |    2619 |   9.7 |      50 |       8 |  13.8
   Vaults:2 |   21894 |   16139 |  42.4 |      52 |      16 |  23.5
   Vaults:3 |   36069 |   27482 |  43.2 |      77 |      30 |  28.0
   Vaults:4 |   28211 |   41267 |  59.4 |      34 |      38 |  52.8
   Vaults:5 |   28860 |  105803 |  78.6 |      44 |      70 |  61.4
   Depths:1 |   50776 |   11512 |  18.5 |      69 |      17 |  19.8
   Depths:2 |   46967 |   51321 |  52.2 |      61 |      32 |  34.4
   Depths:3 |   31285 |   21897 |  41.2 |      34 |      18 |  34.6
   Depths:4 |   26671 |   57773 |  68.4 |      41 |      36 |  46.8
   Depths:5 |   53691 |   34612 |  39.2 |      63 |      22 |  25.9
      Zot:1 |    4426 |    2327 |  34.5 |       5 |       1 |  16.7
      Zot:2 |   24285 |    1338 |   5.2 |      13 |       1 |   7.1
      Zot:3 |    7291 |       0 |   0.0 |       5 |       0 |   0.0
      Zot:4 |   10134 |       0 |   0.0 |       5 |       0 |   0.0
      Zot:5 |   34478 |  152706 |  81.6 |      24 |      40 |  62.5
    Abyss:3 |   14772 |       0 |   0.0 |      26 |       0 |   0.0
 Desolation |       0 |   49827 | 100.0 |       0 |     104 | 100.0
            +---------+---------+-------+---------+---------+-------
